Workbook

Sheet Listas
A1: Área de impacto | B1: Factor de riesgo | C1: Clasificación del riesgo | D1: Probabilidad | E1: Nivel de impacto | F1: Tipo de control | G1: Tipo de riesgo | H1: Documentación | I1: Frecuencia | J1: Tratamiento | K1: Activo de información | L1: Criterio afectado | M1: Procesos | N1: Afectación económica | O1: Afectación reputacional | P1: Interrupción de la operación | Q1: Periodicidad
A2: Afectación económica | B2: Evento externo | C2: Daños a activos fijos / eventos externos | D2: Muy baja | E2: Leve | F2: Correctivo | G2: Ambiental | H2: Documentado | I2: Continua | J2: Aceptar | K2: Hardware | L2: Confidencialidad | M2: Atención y Servicio al Cliente | N2: Menor al 1% del patrimonio de la Lotería de Bogotá | O2: El riesgo afecta la imagen de algún área de la organización | P2: Interrupción de la operación por menos de un día | Q2: Diaria
A3: Afectación reputacional | B3: Financiero | C3: Ejecución y administración de procesos | D3: Baja | E3: Menor | F3: Detectivo | G3: Contractual | H3: Sin documentar | I3: Aleatoria | J3: Evitar | K3: Software | L3: Disponibilidad | M3: Control Disciplinario Interno | N3: Entre el 1% y el 3% del patrimonio de la Lotería de Bogotá | O3: El riesgo afecta la imagen de la entidad internamente, de conocimiento general nivel interno, de junta directiva y accionistas y/o de proveedores | P3: Interrupción de la operación por un día completo | Q3: Semanal
A4: Afectación económica y reputacional | B4: Infraestructura | C4: Fallas tecnológicas | D4: Media | E4: Moderado | F4: Preventivo | G4: Corrupción | J4: Mitigar | K4: Servicios | L4: Integridad | M4: Control, Inspección y Fiscalización | N4: Entre el 3% y el 6% del patrimonio de la Lotería de Bogotá | O4: El riesgo afecta la imagen de la entidad con algunos usuarios de relevancia frente al logro de los objetivos | P4: Interrupción de la operación mayor a 1 día y menor a 2 días | Q4: Mensual
B5: Procesos | C5: Fraude externo | D5: Alta | E5: Mayor | G5: Estratégico | J5: Reducir | K5: Documental | L5: NA | M5: Evaluación Independiente y Control a la Gestión | N5: Entre el 6% y el 10% del patrimonio de la Lotería de Bogotá | O5: El riesgo afecta la imagen de la entidad con efecto publicitario sostenido a nivel de sector administrativo, nivel departamental o municipal | P5: Interrupción de la operación por dos días completos | Q5: Bimestral
B6: Talento humano | C6: Fraude interno | D6: Muy alta | E6: Catastrófico | G6: Financiero | J6: Transferir | K6: NA | L6: Confidencialidad e integridad | M6: Explotación de JSA | N6: Mayor al 10% del patrimonio de la Lotería de Bogotá | O6: El riesgo afecta la imagen de la entidad a nivel nacional, con efecto publicitario sostenido a nivel país | P6: Interrupción de la operación por más de dos días | Q6: Trimestral
B7: Tecnología | C7: Relaciones laborales | G7: Gestión | K7: Hardware y software | M7: Gestión de Bienes y Servicios | N7: NA | O7: NA | P7: NA | Q7: Semestral
C8: Usuarios, productos y prácticas | G8: Procesos | K8: Hardware, software y servicios | M8: Gestión de Comunicaciones | Q8: Anual
C9: Fraude interno y externo | G9: Seguridad de la información | M9: Gestión del Talento Humano
G10: Seguridad y Salud en el Trabajo | M10: Gestión Documental
G11: Tecnológico | M11: Gestión Financiera y Contable
G12: Soborno | M12: Gestión Jurídica
M13: Gestión Tecnologías e Información
M14: Planeación y Direccionamiento Estratégico
M15: Recaudo

Sheet Fórmula
A1: Probabilidad | B1: Nivel de impacto | D1: Riesgo inherente | F1: Probabilidad | G1: % | H1: Nivel de impacto | I1: % | J1: Riesgo inherente | K1: %
A2: Muy baja | B2: Leve | C2: =+A2&B2 -> Muy bajaLeve | D2: Bajo | F2: Muy baja | G2: 0.2 | H2: Leve | I2: 0.2 | J2: Bajo
A3: Muy baja | B3: Menor | C3: =+A3&B3 -> Muy bajaMenor | D3: Bajo | F3: Baja | G3: 0.4 | H3: Menor | I3: 0.4 | J3: Alto
A4: Muy baja | B4: Moderado | C4: =+A4&B4 -> Muy bajaModerado | D4: Moderado | F4: Media | G4: 0.6 | H4: Moderado | I4: 0.6 | J4: Moderado
A5: Muy baja | B5: Mayor | C5: =+A5&B5 -> Muy bajaMayor | D5: Alto | F5: Alta | G5: 0.8 | H5: Mayor | I5: 0.8 | J5: Bajo
A6: Muy baja | B6: Catastrófico | C6: =+A6&B6 -> Muy bajaCatastrófico | D6: Extremo | F6: Muy alta | G6: 1 | H6: Catastrófico | I6: 1
A7: Baja | B7: Leve | C7: =+A7&B7 -> BajaLeve | D7: Bajo
A8: Baja | B8: Menor | C8: =+A8&B8 -> BajaMenor | D8: Moderado
A9: Baja | B9: Moderado | C9: =+A9&B9 -> BajaModerado | D9: Moderado
A10: Baja | B10: Mayor | C10: =+A10&B10 -> BajaMayor | D10: Alto
A11: Baja | B11: Catastrófico | C11: =+A11&B11 -> BajaCatastrófico | D11: Extremo
A12: Media | B12: Leve | C12: =+A12&B12 -> MediaLeve | D12: Moderado
A13: Media | B13: Menor | C13: =+A13&B13 -> MediaMenor | D13: Moderado
A14: Media | B14: Moderado | C14: =+A14&B14 -> MediaModerado | D14: Moderado
A15: Media | B15: Mayor | C15: =+A15&B15 -> MediaMayor | D15: Alto
A16: Media | B16: Catastrófico | C16: =+A16&B16 -> MediaCatastrófico | D16: Extremo
A17: Alta | B17: Leve | C17: =+A17&B17 -> AltaLeve | D17: Moderado
A18: Alta | B18: Menor | C18: =+A18&B18 -> AltaMenor | D18: Moderado
... A26: Muy alta | B26: Catastrófico | C26: =+A26&B26 -> Muy altaCatastrófico | D26: Extremo

Sheet Riesgos de corrupción
A1: IDENTIFICACIÓN DEL RIESGO | U1: VALORACIÓN RIESGO INHERENTE | AC1: VALORACIÓN DE CONTROLES | AV1: RIESGO RESIDUAL | AY1: PLANES DE ACCIÓN
AC2: Control | AD2: Descripción del control | AE2: Atributos de eficiencia | AI2: Valoración control | AJ2: Atributos informativos | AU2: Riesgo residual | AX2: Tratamiento | AY2: Plan de Acción | BA2: Responsable | BB2: Fecha Inicio | BC2: Fecha Fin | BD2: Entregable | BE2: Seguimiento y monitoreo
A3: Objetivo Estratégico | B3: Proceso | C3: Tipo de riesgo | D3: Factor de riesgo | E3: Clasificación del riesgo | F3: Causas | G3: Descripción del riesgo | I3: Consecuencias | J3: Periodicidad | K3: Nivel de ocurrencia (Por año) | L3: Porcentaje de probabilidad | M3: Afectación económica | N3: % | O3: Afectación reputacional | P3: % | Q3: Interrupción de la operación | R3: % | S3: Activo de información afectado | T3: Criterio afectado | U3: % Impacto | V3: Probabilidad inherente | W3: % | X3: Impacto inherente | Y3: % | Z3: Zona de riesgo Inherente | AA3: % | AB3: Justificación de valoración en probabilidad e impacto | AE3: Tipo de control | AF3: Peso | AG3: Implementación | AH3: Peso | AJ3: ¿Información confiable? | AK3: Decisión sobre desviaciones | AM3: Documentación | AO3: Frecuencia | AQ3: Soporte | AR3: Responsable | AT3: ¿Tiene autoridad y función ? | BE3: Fecha de corte | BF3: Avance cualitativo | BG3: Fecha de corte | BH3: Avance cualitativo | BI3: Enlace de evidencias | BJ3: Fecha de corte | BK3: Avance cualitativo | BL3: Enlace de evidencias | BM3: Fecha de corte | BN3: Avance cualitativo | BO3: Enlace de evidencias | BP3: Fecha de corte | BQ3: Avance cualitativo | BR3: Enlace de evidencias | BS3: Fecha de corte | BT3: Avance cualitativo | BU3: Enlace de evidencias
A4: SI | B4: Recaudo | C4: Corrupción | D4: Talento humano | E4: Fraude interno | F4: 1. Oportunidad y razonalización de la situación por parte del profesional de Cartera 2. Ofrecimiento de retribución económica para despacho sin cumplimiento de requisitos 3. Falta de ética profesional del profesional de cartera | G4: RC-05 | H4: Posibilidad de afectación económica y reputacional por despacho a distribuidores sin cumplimiento de requisitos con el fin de beneficio propio o de terceros. | I4: 1. Incremento de cartera 2. Investigaciones disciplinarias y judiciales | J4: Diaria | K4: 0 | L4: =IF(J4="Diaria",+(K4/360),IF(J4="Mensual",+(K4/12),IF(J4="Bimestral",+(K4/6),IF(J4="Trimestral",+(K4/4),IF(J4="Semestral",+(K4/2),IF(J4="Anual",+(K4/1),"")))))) -> 0 | M4: Menor al 1% del patrimonio de la Lotería de Bogotá | N4: =IF(M4="Menor al 1% del patrimonio de la Lotería de Bogotá",20%,IF(M4="Entre el 1% y el 3% del patrimonio de la Lotería de Bogotá",40%,IF(M4="Entre el 3% y el 6% del patrimonio de la Lotería de Bogotá",60%,IF(M4="Entre el 6% y el 10% del patrimonio de la Lotería de Bogotá",80%,IF(M4="Mayor al 10% del patrimonio de la Lotería de Bogotá",100%,IF(M4="NA",0%,"")))))) -> 0.2 | O4: El riesgo afecta la imagen de la entidad internamente, de conocimiento general nivel interno, de junta directiva y accionistas y/o de proveedores | P4: =IF(O4="El riesgo afecta la imagen de algún área de la organización",20%,IF(O4="El riesgo afecta la imagen de la entidad internamente, de conocimiento general nivel interno, de junta directiva y accionistas y/o de proveedores",40%,IF(O4="El riesgo afecta la imagen de la entidad con algunos usuarios de relevancia frente al logro de los objetivos",60%,IF(O4="El riesgo afecta la imagen de la entidad con efecto publicitario sistenido a nivel de sector administrativo, nivel departamental o municipal",80%,IF(O4="El riesgo afecta la imagen de la entidad a nivel nacional, con efecto publicitario sistenido a nivel país",100%,IF(O4="NA",0%,"")))))) -> 0.4 | Q4: NA | R4: =IF(Q4="Interrupción de la operación por menos de un día",20%,IF(Q4="Interrupción de la operación por un día completo",40%,IF(Q4="Interrupción de la operación mayor a 1 día y menor a 2 días",60%,IF(Q4="Interrupción de la operación por dos días completos",80%,IF(Q4="Interrupción de la operación por más de dos días",100%,IF(Q4="NA",0%,"")))))) -> 0 | S4: Documental | T4: Integridad | U4: =+MAX(N4,P4,R4) -> 0.4 | V4: =IF(L4<=20%,"Muy baja",IF(L4<=40%,"Baja",IF(L4<=60%,"Media",IF(L4<=80%,"Alta",IF(L4<=100%,"Muy alta",IF(L4>=100%,"Muy alta","")))))) -> Muy baja | W4: =+IFERROR(VLOOKUP(V4,[1]Fórmula!$F$1:$G$6,2,FALSE),"") -> 0.2 | X4: Moderado | Y4: =+IFERROR(VLOOKUP(X4,[1]Fórmula!$H$1:$I$6,2,FALSE),"") -> 0.6 | Z4: Moderado | AA4: =IF(Z4="Bajo",25%,IF(Z4="Moderado",50%,IF(Z4="Alto",75%,IF(Z4="Extremo",100%,"")))) -> 0.5 | AB4: Se estableció periodicidad diaria, debido a que el despacho se realiza con esta periodicidad, nivel de ocurrencia en cero, debido a que el riesgo no se ha materializado, afectación económica leve, ya que el valor en el peor caso de materializarse el riesgo estaría por debajo del 1% del patrimonio de la Lotería de Bogotá. Frente a la afectación reputacional es menor, debido a la iimagen afectada de la organización de manera interna. | AC4: Constatar en forma preliminar la conciliacion efectuadas ppr parte de los distribuidores de las entidad con el fin de identificar recaudos que no se hayan cargado al aplicativo por las diferente razones que puedan darse lo que permite llegar a fin de mes con un conciliacion mas limpia. | AE4: Preventivo | AF4: =IF(AE4="Preventivo",25%,IF(AE4="Detectivo",15%,IF(AE4="Correctivo",10%,""))) -> 0.25 | AG4: Manual | AH4: =IF(AG4="Manual",15%,IF(AG4="Automático",25%,"")) -> 0.15 | AI4: =+AH4+AF4 -> 0.4 | AJ4: Confiable | AK4: SI | AL4: En caso de que los valores de las conciliaciones no concuerdan, se realizan los ajustes correspondientes con las áreas responsables. | AM4: Sin documentar | AO4: Continua | AP4: Mensual | AQ4: Conciliación realizada | AR4: Asignado | AS4: Conciliaciones bancarias: Profesional del área de Contabilidad Conciliaciones de premios: Responsable de Unidad de Loterías y profesional de Cartera | AT4: Adecuado | AU4: =+AA4*AI4 -> 0.2 | AV4: =+AA4-AU4 -> 0.3 | AW4: =+IF(C4="Corrupción","Moderado",IF(AV4<=25%,"Bajo",IF(AV4<=50%,"Moderado",IF(AV4<=75%,"Alto",IF(AV4>75%,"Extremo",""))))) -> Moderado | AX4: Mitigar | AY4: 1 | AZ4: Actualizar el procedimiento PRO-310-244 Gestión de Cartera, para incluir lo relacionado con conciliaciones, de manuera mensual y todo se reportar por correo al sistema de informacion contable | BA4: Profesional de Cartera | BB4: 44876 | BC4: 44926 | BD4: Procedimiento actualizado | BE4: 44620 | BF4: Se revisó el procedimiento , y se envio el reporte a control interno del mes de febrero 28 2022 | BG4: 44681 | BH4: Se actualizó el procedimeinto. Se presentó al CIGYD y se aprobó el 1 de abril | BI4: https://loteriadbogota-my.sharepoint.com/:x:/g/personal/paula_forero_loteriadebogota_com/EU99GsN1HJFDiVgHRA2Uu0AB1teJ54AWpbRZyTm9kxQTug?e=9Bn0h8 | BJ4: 44742 | BK4: I. No se ha reportado novedad sobre este procedimeinto hasta el mes de Agosto 2022 | BL4: N/A | BM4: 44804 | BN4: I. No se ha reportado ninguna novedad sobre este prcedimeinto hasta el mes de octubre 2022 | BO4: N/A | BP4: 44865 | BQ4: I. No se ha reportado ninguna novedad sobre este prcedimeinto hasta el mes de octubre 2022 | BR4: N/A | BS4: 44926
A5: NO | B5: Explotación de JSA | C5: Corrupción | D5: Talento humano | E5: Fraude interno | F5: 1. Ofrecimiento de dádivas para expedición de la autorización de rifas y juegos promocionales durante el trámite. 2. Coacción de terceros para expedición de autorización. 3. Soportes de documentación incompleta o adulterada para la expedición de la autorización. | G5: RC-02 | H5: Posibilidad de afectación económica y reputacional por expedición de autorización de promocionales y rifas con incumplimiento de requisitos legales con el fin de beneficiar a un tercero | I5: 1. Proceso sancionatorio 2.Apertura de Procesos disciplinarios, fiscales y penales. | J5: Semestral | K5: 0 | L5: =IF(J5="Diaria",+(K5/360),IF(J5="Semanal",+(K5/52),IF(J5="Mensual",+(K5/12),IF(J5="Bimestral",+(K5/6),IF(J5="Trimestral",+(K5/4),IF(J5="Semestral",+(K5/2),IF(J5="Anual",+(K5/1),""))))))) -> 0 | M5: Menor al 1% del patrimonio de la Lotería de Bogotá | O5: El riesgo afecta la imagen de algún área de la organización | Q5: NA | S5: Servicios | T5: Integridad | V5: =IF(L5<=20%,"Muy baja",IF(L5<=40%,"Baja",IF(L5<=60%,"Media",IF(L5<=80%,"Alta",IF(L5<=100%,"Muy alta",IF(L5>=100%,"Muy alta","")))))) -> Muy baja | X5: Moderado | Z5: Moderado | AB5: Se determina el riesgo de carácter semestral , debido a que nunca se ha materializado, se califica su nivel de ocurrencia en cero. Frente al impacto económico y reputacional, en ambos casos es leve, según las escalas de valoración del impacto. | AC5: La Unidad de Apuestas y Control de Juegos debe revisar y validar los documentos suministrados por el gestor solicitante y verificar el cumplimiento de los requisitos exigidos por la ley . | AD5: El profesional de la Unidad de Apuestas designado revisa y evalúa los documentos radicados en la plataforma de rifas y juegos promocionales. Esta revisión se efectuara en términos de completitud de acuerdo a la normatividad legal vigente y los expuestos en el respectivo instructivo. Aleatoriamente el jefe de Unidad de Apuestas y Control de Juegos validara que la documentación registrada cumple en su integridad con los requisitos estipulados por la ley. | AE5: Detectivo | AF5: =IF(AE5="Preventivo",25%,IF(AE5="Detectivo",15%,IF(AE5="Correctivo",10%,""))) -> 0.15 | AG5: Manual | AH5: =IF(AG5="Manual",15%,IF(AG5="Automático",25%,"")) -> 0.15 | AI5: =+AH5+AF5 -> 0.3 | AJ5: Confiable | AK5: SI | AL5: Si existen inconsistencias el profesional de la unidad de apuestas designado debe requerir al solicitante las correcciones o aclaraciones pertinentes. | AM5: Documentado | AN5: Instructivo solicitud juegos promocionales y rifas (web) https://www.loteriadebogota.com/wp-content/uploads/files/promocionales/instructivo_solicitud.pdf Decreto 1068 de 2015 Decreto 2104 de 2016 Procedimiento autorización y emisión de concepto PRO-420-191-10 | AO5: Aleatoria | AP5: Semestral | AQ5: Plataforma de Juegos Promocionales y Rifas Matriz lista de chequeo (escogidas por muestreo aleatorio) | AR5: Asignado | AS5: Unidad de Apuestas y Control de Juegos | AT5: Adecuado | AU5: =+AA5*AI5 -> 0 | AV5: =+AA5-AU5 -> 0 | AW5: =+IF(C5="Corrupción","Moderado",IF(#REF!<=25%,"Bajo",IF(#REF!<=50%,"Moderado",IF(#REF!<=75%,"Alto",IF(#REF!>75%,"Extremo",""))))) -> Moderado | AX5: Mitigar | AY5: 1 | AZ5: Desarrollar e implementar una matriz de lista de chequeo en la cual se podrá validar que los requisitos allegados por el solicitante y autorizados por el profesional designado por la Unidad de Apuestas y Control de Juegos sean los documentos exigidos por la ley. mejora en el aplicativo de promocionales para que la revisión por parte de los funcionarios de la Lotería y los diferentes requerimientos al solicitante queden operados y registrados dentro del sistema o aplicativo. | BA5: =+AS5 -> Unidad de Apuestas y Control de Juegos | BB5: 44927 | BC5: 45291 | BD5: =+AQ5 -> Plataforma de Juegos Promocionales y Rifas Matriz lista de chequeo (escogidas por muestreo aleatorio) | BE5: 44985 | BG5: 45046 | BJ5: 45107 | BM5: 45169 | BP5: 45230 | BS5: 45291
A6: SI | B6: Explotación de JSA | C6: Corrupción | D6: Evento externo | E6: Fraude externo | F6: 1. Inadecuados controles en el seguimiento de utilización de formularios 2. Posibilidad de fallas tecnológicas en el aplicativo de reporte en línea y tiempo real (Chanseguro) | G6: RC-03 | H6: Posibilidad de inadecuada utilización, pérdida y/o hurto de los formularios por parte del Concesionario con el fin de beneficio propio o de terceros | I6: 1. Aumento del juego ilegal 2. Disminución de recursos para la salud 3. Procesos sancionatorios, administrativos o judiciales al que diera lugar. | J6: Trimestral | K6: 1 | L6: =IF(J6="Diaria",+(K6/360),IF(J6="Mensual",+(K6/12),IF(J6="Bimestral",+(K6/6),IF(J6="Trimestral",+(K6/4),IF(J6="Semestral",+(K6/2),IF(J6="Anual",+(K6/1),"")))))) -> 0.25 | M6: Entre el 6% y el 10% del patrimonio de la Lotería de Bogotá | O6: El riesgo afecta la imagen de la entidad con algunos usuarios de relevancia frente al logro de los objetivos | Q6: NA | S6: Servicios | T6: Integridad | V6: =IF(L6<=20%,"Muy baja",IF(L6<=40%,"Baja",IF(L6<=60%,"Media",IF(L6<=80%,"Alta",IF(L6<=100%,"Muy alta",IF(L6>=100%,"Muy alta","")))))) -> Baja | X6: =IF(U6=20%,"Leve",IF(U6=40%,"Menor",IF(U6=60%,"Moderado",IF(U6=80%,"Mayor",IF(U6=100%,"Catastrófico",""))))) | Z6: =+IFERROR(VLOOKUP(V6&X6,[2]Fórmula!$C$2:$D$26,2,FALSE),"") | AB6: Se estableció periodicidad trimestral, nivel de ocurrencia uno, ya que no se cuenta con línea base, afectación económica mayor, teniendo en cuenta la dificultad para cuantificar el mercado ilegal de juegos de suerte y azar, y afectación reputacional moderada, en tanto la imagen de la Lotería se vería afectada con algunos usuarios. | AC6: La Unidad de Apuestas y Control de Juegos con el supervisor del contrato deben solicitar al concesionario un reporte mensual del listado de los formularios usados en otros productos y servicios. Para posteriormente hacer validación | AD6: Mensualmente, el supervisor del contrato de concesión de apuestas permanentes solicitará un reporte del listado de los formularios usados en otros productos y servicios, en el marco de las visitas de fiscalización. | AE6: Preventivo | AF6: =IF(AE6="Preventivo",25%,IF(AE6="Detectivo",15%,IF(AE6="Correctivo",10%,""))) -> 0.25 | AG6: Manual | AH6: =IF(AG6="Manual",15%,IF(AG6="Automático",25%,"")) -> 0.15 | AI6: =+AH6+AF6 -> 0.4 | AJ6: Confiable | AK6: SI | AL6: Si el concesionario no envía la información, se reitera la solicitud mediante oficio firmado por el supervisor del contrato de concesión de apuestas permanentes | AM6: Documentado | AN6: Solicitud de documentos e información al concesionario Visitas de fiscalización | AO6: Continua | AP6: Trimestral | AQ6: Solicitud de documentos e información al concesionario Visitas de fiscalización | AR6: Asignado | AS6: Responsable de la Unidad de Apuestas y Control de Juegos | AT6: Adecuado | AU6: =+AA6*AI6 -> 0 | AV6: =+AA6-AU6 -> 0 | AW6: =IF(AV6<=25%,"Bajo",IF(AV6<=50%,"Moderado",IF(AV6<=75%,"Alto",IF(AV6>75%,"Extremo","")))) -> Bajo | AX6: Mitigar | AY6: 1 | AZ6: El designado debe dejar evidencia en el informe de fiscalización de la información recibida por parte del concesionario frente al listado de los formularios usados en otros productos y servicios. | BA6: =+AS6 -> Responsable de la Unidad de Apuestas y Control de Juegos | BB6: 44927 | BC6: 45291 | BD6: Informe de visitas administrativas de Fiscalización de puntos de venta | BE6: 44985 | BG6: 45046 | BJ6: 45107 | BM6: 45169 | BP6: 45230 | BS6: 45291
A7: SI | B7: Explotación de JSA | C7: Corrupción | D7: Talento humano | E7: Fraude interno | F7: 1.Inconsistencias en el reporte de retenidos generado semanalmente. 2. Estados de cuenta incorrectos o desactualizados 3. Ofrecimiento de beneficios por parte de terceros 4. Seguimiento inadecuado al estado de las pólizas | G7: RC-04 | H7: Posibilidad de afectación económica y reputacional por entrega o retención de billetería, o asignación de cupos a distribuidores con incumplimiento de requisitos con fin de favorecer a un tercero a cambio de beneficios. | I7: 1. Incremento de cartera vencida 2. Pérdida de garantías en un cobro jurídico 3. Apertura de procesos disciplinarios 4. Hallazgos de entes de control | J7: Semanal | K7: 1 | L7: =IF(J7="Diaria",+(K7/360),IF(J7="Mensual",+(K7/12),IF(J7="Semanal",+(K7/52),IF(J7="Bimestral",+(K7/6),IF(J7="Trimestral",+(K7/4),IF(J7="Semestral",+(K7/2),IF(J7="Anual",+(K7/1),""))))))) -> 0.019230769 | M7: Menor al 1% del patrimonio de la Lotería de Bogotá | O7: El riesgo afecta la imagen de la entidad internamente, de conocimiento general nivel interno, de junta directiva y accionistas y/o de proveedores | Q7: NA | S7: Servicios | T7: Integridad | V7: =IF(L7<=20%,"Muy baja",IF(L7<=40%,"Baja",IF(L7<=60%,"Media",IF(L7<=80%,"Alta",IF(L7<=100%,"Muy alta",IF(L7>=100%,"Muy alta","")))))) -> Muy baja | X7: Moderado | Z7: Moderado | AB7: Se estableció la periodicidad semanal, debido a que la distribución de la billetería se realiza semanalmente, y nivel de ocurrencia 1, porque el riesgo se materializó una vez en la vigencia 2020. Frente al impacto, se definió una afectación económica por debajo del 1% del patrimonio de la Lotería de Bogotá (leve), pero la materialización del riesgo conllevaría a una afectación reputacional menor, debido al conocimiento de la Junta Directiva sobre la afectación de la imagen. | AC7: El profesional de cartera semanalmente realiza una revisión de los reportes de cartera y del estado de las garantías de los distribuidores con el propósito de identificar incumplimientos en los distribuidores para determinar a cuales de ellos se reteniene el despacho de billetería. Si se detectan desviaciones en el control, los distribuidores con incumplimiento en sus garantías y/o pagos deben ser retenidos. No se debe realizar el despacho semanal de billetería. Como soporte de la ejecución del control resultan los memorandos sobre distribución y retención por parte de la Unidad Financiera | AD7: El profesional de cartera semanalmente realiza una revisión de los reportes de cartera y del estado de las garantías de los distribuidores con el propósito de identificar incumplimientos en los distribuidores para determinar a cuales de ellos se reteniene el despacho de billetería. | AE7: Preventivo | AF7: =IF(AE7="Preventivo",25%,IF(AE7="Detectivo",15%,IF(AE7="Correctivo",10%,""))) -> 0.25 | AG7: Manual | AH7: =IF(AG7="Manual",15%,IF(AG7="Automático",25%,"")) -> 0.15 | AI7: =+AH7+AF7 -> 0.4 | AJ7: Confiable | AK7: SI | AL7: Los distribuidores con incumplimiento en sus garantías y/o pagos deben ser retenidos. No se debe realizar el despacho semanal de billetería | AM7: Documentado | AN7: Procedimiento Asignación y Distribución de Billetería PRO-410-199-9 | AO7: Continua | AP7: Semanal | AQ7: Memorandos sobre distribución y retención por parte de la Unidad Financiera | AR7: Asignado | AS7: Profesional de cartera de Unidad Financiera y Contable | AT7: Adecuado | AU7: =+AA7*AI7 -> 0 | AV7: =+AA7-AU7 -> 0 | AW7: =+IF(C7="Corrupción","Moderado",IF(#REF!<=25%,"Bajo",IF(#REF!<=50%,"Moderado",IF(#REF!<=75%,"Alto",IF(#REF!>75%,"Extremo",""))))) -> Moderado | AX7: Mitigar | AY7: 1 | AZ7: Realizar capacitación a los profesionales de cartera del aplicativo comercial relacionado con "polizas" con el fin de que tengan claridad de las garantías que se encuentran vencidas. | BA7: Director de Operación de Producto y Comercialización | BB7: 44927 | BC7: 44986 | BD7: Acta de asistencia a capacitación. | BE7: 44985 | BG7: 45046 | BJ7: 45107 | BM7: 45169 | BP7: 45230 | BS7: 45291
A8: NO | B8: Gestión del Talento Humano | C8: Corrupción | D8: Talento humano | E8: Ejecución y administración de procesos | F8: 1. Fácil acceso a plantilla institucional de documentos de la entidad, posibilitando la realización de certificados con información falsa. 2. Intereses indebidos para la expedición de certificados | G8: RC-06 | H8: Posibilidad de afectación reputacional por expedición de certificados laborales con información falsa por un funcionario de la Unidad de Talento Humano con el fin de beneficio propio o de un tercero | I8: 1. Pérdida de credibilidad ante agentes externos. 2. Investigaciones disciplinarias y penales | J8: Diaria | K8: 0 | L8: =IF(J8="Diaria",+(K8/360),IF(J8="Mensual",+(K8/12),IF(J8="Bimestral",+(K8/6),IF(J8="Trimestral",+(K8/4),IF(J8="Semestral",+(K8/2),IF(J8="Anual",+(K8/1),"")))))) -> 0 | M8: NA | N8: =IF(M8="Menor al 1% del patrimonio de la Lotería de Bogotá",20%,IF(M8="Entre el 1% y el 3% del patrimonio de la Lotería de Bogotá",40%,IF(M8="Entre el 3% y el 6% del patrimonio de la Lotería de Bogotá",60%,IF(M8="Entre el 6% y el 10% del patrimonio de la Lotería de Bogotá",80%,IF(M8="Mayor al 10% del patrimonio de la Lotería de Bogotá",100%,IF(M8="NA",0%,"")))))) -> 0 | O8: El riesgo afecta la imagen de algún área de la organización | P8: =IF(O8="El riesgo afecta la imagen de algún área de la organización",20%,IF(O8="El riesgo afecta la imagen de la entidad internamente, de conocimiento general nivel interno, de junta directiva y accionistas y/o de proveedores",40%,IF(O8="El riesgo afecta la imagen de la entidad con algunos usuarios de relevancia frente al logro de los objetivos",60%,IF(O8="El riesgo afecta la imagen de la entidad con efecto publicitario sistenido a nivel de sector administrativo, nivel departamental o municipal",80%,IF(O8="El riesgo afecta la imagen de la entidad a nivel nacional, con efecto publicitario sistenido a nivel país",100%,IF(O8="NA",0%,"")))))) -> 0.2 | Q8: NA | R8: =IF(Q8="Interrupción de la operación por menos de un día",20%,IF(Q8="Interrupción de la operación por un día completo",40%,IF(Q8="Interrupción de la operación mayor a 1 día y menor a 2 días",60%,IF(Q8="Interrupción de la operación por dos días completos",80%,IF(Q8="Interrupción de la operación por más de dos días",100%,IF(Q8="NA",0%,"")))))) -> 0 | S8: NA | T8: Integridad | U8: =+MAX(N8,P8,R8) -> 0.2 | V8: =IF(L8<=20%,"Muy baja",IF(L8<=40%,"Baja",IF(L8<=60%,"Media",IF(L8<=80%,"Alta",IF(L8<=100%,"Muy alta",IF(L8>=100%,"Muy alta","")))))) -> Muy baja | W8: =+IFERROR(VLOOKUP(V8,Fórmula!$F$1:$G$6,2,FALSE),"") -> 0.2 | X8: =IF(U8=20%,"Leve",IF(U8=40%,"Menor",IF(U8=60%,"Moderado",IF(U8=80%,"Mayor",IF(U8=100%,"Catastrófico",""))))) -> Leve | Y8: =+IFERROR(VLOOKUP(X8,Fórmula!$H$1:$I$6,2,FALSE),"") -> 0.2 | Z8: =+IFERROR(VLOOKUP(V8&X8,Fórmula!$C$2:$D$26,2,FALSE),"") -> Bajo | AA8: =IF(Z8="Bajo",25%,IF(Z8="Moderado",50%,IF(Z8="Alto",75%,IF(Z8="Extremo",100%,"")))) -> 0.25 | AC8: Verificación de soportes para la expedición de certificados laborales | AD8: El responsable de expedición de certificados proyecta el documento para firma de la Jefe de la Unidad de Talento Humano con los soportes correspondientes, cada vez que sea requerido. | AE8: Preventivo | AF8: =IF(AE8="Preventivo",25%,IF(AE8="Detectivo",15%,IF(AE8="Correctivo",10%,""))) -> 0.25 | AG8: Manual | AH8: =IF(AG8="Manual",15%,IF(AG8="Automático",25%,"")) -> 0.15 | AI8: =+AH8+AF8 -> 0.4 | AJ8: Confiable | AK8: NO | AM8: Sin documentar | AO8: Aleatoria | AP8: Cada vez que se solicite un certificado | AQ8: Certificados laborales expedidos con soportes correspondientes | AR8: Asignado | AS8: Jefe de la Unidad de Talento Humano y responsable de proyección de certificados | AT8: Adecuado | AU8: =+AI8*AA8 -> 0.1 | AV8: =+AA8-AU8 -> 0.15 | AW8: =+IF(C8="Corrupción","Moderado",IF(#REF!<=25%,"Bajo",IF(#REF!<=50%,"Moderado",IF(#REF!<=75%,"Alto",IF(#REF!>75%,"Extremo",""))))) -> Moderado | AX8: Mitigar | AY8: 1 | AZ8: Documentar el proceso de expedición de certificados laborales. | BA8: Jefe Unidad de Talento Humano | BB8: 44805 | BC8: 44925 | BE8: 44620 | BG8: 44681 | BJ8: 44742 | BM8: 44804 | BP8: 44865 | BS8: 44926
A9: NO | B9: Gestión del Talento Humano | C9: Corrupción | D9: Talento humano | E9: Ejecución y administración de procesos | F9: 1. Vulneribilidad del Sistema administrativo, financiero y misional. 2. Fallas en el Sistema administrativo, financiero y misional. | G9: RC-07 | H9: Posibilidad de afectación económica y reputacional debido a liquidación errónea de la nómina con el fin de beneficio propio o de un tercero | I9: 1. Investigaciones disciplinarias. 2. Investigaciones penales. 3. Investigaciones fiscales. | J9: Mensual | K9: 0 | L9: =IF(J9="Diaria",+(K9/360),IF(J9="Mensual",+(K9/12),IF(J9="Bimestral",+(K9/6),IF(J9="Trimestral",+(K9/4),IF(J9="Semestral",+(K9/2),IF(J9="Anual",+(K9/1),"")))))) -> 0 | M9: Menor al 1% del patrimonio de la Lotería de Bogotá | N9: =IF(M9="Menor al 1% del patrimonio de la Lotería de Bogotá",20%,IF(M9="Entre el 1% y el 3% del patrimonio de la Lotería de Bogotá",40%,IF(M9="Entre el 3% y el 6% del patrimonio de la Lotería de Bogotá",60%,IF(M9="Entre el 6% y el 10% del patrimonio de la Lotería de Bogotá",80%,IF(M9="Mayor al 10% del patrimonio de la Lotería de Bogotá",100%,IF(M9="NA",0%,"")))))) -> 0.2 | O9: El riesgo afecta la imagen de la entidad internamente, de conocimiento general nivel interno, de junta directiva y accionistas y/o de proveedores | P9: =IF(O9="El riesgo afecta la imagen de algún área de la organización",20%,IF(O9="El riesgo afecta la imagen de la entidad internamente, de conocimiento general nivel interno, de junta directiva y accionistas y/o de proveedores",40%,IF(O9="El riesgo afecta la imagen de la entidad con algunos usuarios de relevancia frente al logro de los objetivos",60%,IF(O9="El riesgo afecta la imagen de la entidad con efecto publicitario sistenido a nivel de sector administrativo, nivel departamental o municipal",80%,IF(O9="El riesgo afecta la imagen de la entidad a nivel nacional, con efecto publicitario sistenido a nivel país",100%,IF(O9="NA",0%,"")))))) -> 0.4 | Q9: NA | R9: =IF(Q9="Interrupción de la operación por menos de un día",20%,IF(Q9="Interrupción de la operación por un día completo",40%,IF(Q9="Interrupción de la operación mayor a 1 día y menor a 2 días",60%,IF(Q9="Interrupción de la operación por dos días completos",80%,IF(Q9="Interrupción de la operación por más de dos días",100%,IF(Q9="NA",0%,"")))))) -> 0 | S9: NA | T9: Integridad | U9: =+MAX(N9,P9,R9) -> 0.4 | V9: =IF(L9<=20%,"Muy baja",IF(L9<=40%,"Baja",IF(L9<=60%,"Media",IF(L9<=80%,"Alta",IF(L9<=100%,"Muy alta",IF(L9>=100%,"Muy alta","")))))) -> Muy baja | W9: =+IFERROR(VLOOKUP(V9,Fórmula!$F$1:$G$6,2,FALSE),"") -> 0.2 | X9: =IF(U9=20%,"Leve",IF(U9=40%,"Menor",IF(U9=60%,"Moderado",IF(U9=80%,"Mayor",IF(U9=100%,"Catastrófico",""))))) -> Menor | Y9: =+IFERROR(VLOOKUP(X9,Fórmula!$H$1:$I$6,2,FALSE),"") -> 0.4 | Z9: =+IFERROR(VLOOKUP(V9&X9,Fórmula!$C$2:$D$26,2,FALSE),"") -> Bajo | AA9: =IF(Z9="Bajo",25%,IF(Z9="Moderado",50%,IF(Z9="Alto",75%,IF(Z9="Extremo",100%,"")))) -> 0.25 | AC9: Revisión por parte del Jefe de la Unidad de Talento Humano de la prenómina | AD9: El Profesional de nómina mensualmente debe enviar a revisión del Jefe de la Unidad de Talento Humano la prenómina con los soportes correspondientes. | AE9: Preventivo | AF9: =IF(AE9="Preventivo",25%,IF(AE9="Detectivo",15%,IF(AE9="Correctivo",10%,""))) -> 0.25 | AG9: Manual | AH9: =IF(AG9="Manual",15%,IF(AG9="Automático",25%,"")) -> 0.15 | AI9: =+AH9+AF9 -> 0.4 | AJ9: Confiable | AK9: SI | AL9: =+#REF! -> #REF! | AM9: Documentado | AN9: Procedimiento liquidación nómina PRO.320-221-8. | AO9: Continua | AP9: Mensual | AQ9: Correo o carpeta física de prenómina enviado con soportes a Jefe de la Unidad de Talento Humano | AR9: Asignado | AS9: =+#REF! -> #REF! | AT9: Adecuado | AU9: =+AI9*AA9 -> 0.1 | AV9: =+AA9-AU9 -> 0.15 | AW9: =+IF(C9="Corrupción","Moderado",IF(#REF!<=25%,"Bajo",IF(#REF!<=50%,"Moderado",IF(#REF!<=75%,"Alto",IF(#REF!>75%,"Extremo",""))))) -> Moderado | AX9: Mitigar | AY9: 1 | BA9: Jefe Unidad de Talento Humano | BB9: 44562 | BC9: 44925 | BD9: Procedimiento actualizado | BE9: 44620 | BG9: 44681 | BJ9: 44742 | BM9: 44804 | BP9: 44865 | BS9: 44926
A10: NO | B10: Gestión del Talento Humano | C10: Corrupción | D10: Talento humano | E10: Ejecución y administración de procesos | F10: 1. Intereses indebidos para la vinculación de talento humano. | G10: RC-08 | H10: Posibilidad de afectación reputacional por expedición de certificados experiencia e idoneidad sin el lleno de requisitos con el fin de beneficio propio o de un tercero | I10: 1. Investigaciones disciplinarias. | J10: Diaria | K10: 0 | L10: =IF(J10="Diaria",+(K10/360),IF(J10="Mensual",+(K10/12),IF(J10="Bimestral",+(K10/6),IF(J10="Trimestral",+(K10/4),IF(J10="Semestral",+(K10/2),IF(J10="Anual",+(K10/1),"")))))) -> 0 | M10: NA | N10: =IF(M10="Menor al 1% del patrimonio de la Lotería de Bogotá",20%,IF(M10="Entre el 1% y el 3% del patrimonio de la Lotería de Bogotá",40%,IF(M10="Entre el 3% y el 6% del patrimonio de la Lotería de Bogotá",60%,IF(M10="Entre el 6% y el 10% del patrimonio de la Lotería de Bogotá",80%,IF(M10="Mayor al 10% del patrimonio de la Lotería de Bogotá",100%,IF(M10="NA",0%,"")))))) -> 0 | O10: El riesgo afecta la imagen de algún área de la organización | P10: =IF(O10="El riesgo afecta la imagen de algún área de la organización",20%,IF(O10="El riesgo afecta la imagen de la entidad internamente, de conocimiento general nivel interno, de junta directiva y accionistas y/o de proveedores",40%,IF(O10="El riesgo afecta la imagen de la entidad con algunos usuarios de relevancia frente al logro de los objetivos",60%,IF(O10="El riesgo afecta la imagen de la entidad con efecto publicitario sistenido a nivel de sector administrativo, nivel departamental o municipal",80%,IF(O10="El riesgo afecta la imagen de la entidad a nivel nacional, con efecto publicitario sistenido a nivel país",100%,IF(O10="NA",0%,"")))))) -> 0.2 | Q10: NA | R10: =IF(Q10="Interrupción de la operación por menos de un día",20%,IF(Q10="Interrupción de la operación por un día completo",40%,IF(Q10="Interrupción de la operación mayor a 1 día y menor a 2 días",60%,IF(Q10="Interrupción de la operación por dos días completos",80%,IF(Q10="Interrupción de la operación por más de dos días",100%,IF(Q10="NA",0%,"")))))) -> 0 | S10: NA | T10: Integridad | U10: =+MAX(N10,P10,R10) -> 0.2 | V10: =IF(L10<=20%,"Muy baja",IF(L10<=40%,"Baja",IF(L10<=60%,"Media",IF(L10<=80%,"Alta",IF(L10<=100%,"Muy alta",IF(L10>=100%,"Muy alta","")))))) -> Muy baja | W10: =+IFERROR(VLOOKUP(V10,Fórmula!$F$1:$G$6,2,FALSE),"") -> 0.2 | X10: =IF(U10=20%,"Leve",IF(U10=40%,"Menor",IF(U10=60%,"Moderado",IF(U10=80%,"Mayor",IF(U10=100%,"Catastrófico",""))))) -> Leve | Y10: =+IFERROR(VLOOKUP(X10,Fórmula!$H$1:$I$6,2,FALSE),"") -> 0.2 | Z10: =+IFERROR(VLOOKUP(V10&X10,Fórmula!$C$2:$D$26,2,FALSE),"") -> Bajo | AA10: =IF(Z10="Bajo",25%,IF(Z10="Moderado",50%,IF(Z10="Alto",75%,IF(Z10="Extremo",100%,"")))) -> 0.25 | AC10: Verificación de certificados de estudios y experiencia. | AD10: El responsable de la Unidad de Talento Humano cada vez que se deba expedir un certificado de experiencia e idoneidad, debe verificar los certificados de estudios (tarjetas profesionales y diplomas presentadas por el aspirante), así como la experiencia relacionada con el objeto del contrato. | AE10: Preventivo | AF10: =IF(AE10="Preventivo",25%,IF(AE10="Detectivo",15%,IF(AE10="Correctivo",10%,""))) -> 0.25 | AG10: Manual | AH10: =IF(AG10="Manual",15%,IF(AG10="Automático",25%,"")) -> 0.15 | AI10: =+AH10+AF10 -> 0.4 | AJ10: Confiable | AK10: NO | AM10: Sin documentar | AO10: Aleatoria | AP10: Cada vez que se solicite un certificado | AQ10: Soportes de verificación de estudios y experiencia de los aspirantes | AR10: Asignado | AS10: Jefe de la Unidad de Talento Humano y responsable de proyección de certificados | AT10: Adecuado | AU10: =+AI10*AA10 -> 0.1 | AV10: =+AA10-AU10 -> 0.15 | AW10: =+IF(C10="Corrupción","Moderado",IF(#REF!<=25%,"Bajo",IF(#REF!<=50%,"Moderado",IF(#REF!<=75%,"Alto",IF(#REF!>75%,"Extremo",""))))) -> Moderado | AX10: Mitigar | AY10: 1 | AZ10: Documentar el proceso de expedición de certificados de experiencia e idoneidad. | BA10: Jefe Unidad de Talento Humano | BB10: 44805 | BC10: 44925 | BE10: 44620 | BG10: 44681 | BJ10: 44742 | BM10: 44804 | BP10: 44865 | BS10: 44926
A11: NO | B11: Gestión Financiera y Contable | C11: Corrupción | D11: Talento humano | E11: Fraude interno | F11: 1. Hurto intencionado por parte de funcionarios y/o terceros. 2. Filtración de información de seguridad en las combinaciones de la cajas fuertes. 3. Falta de controles adecuados en el manejo de los tokens, claves bancarias y seguridad en la custodia de los títulos valores. | G11: RC-09 | H11: Posibilidad de afectación económica y reputacional por pérdida de títulos de valor y/o recursos en depósitos en cuentas bancarias en entidades financieras, con el fin de un beneficio propio o de terceros | I11: 1. Reposición de título valor por pérdida 2. Uso no autorizado de títulos valor 3. Pérdida de recursos 4. Procesos disciplinarios y fiscales 5. Hallazgos de entes de control | J11: Semanal | K11: 0 | L11: =IF(J11="Diaria",+(K11/360),IF(J11="Semanal",+(K11/52),IF(J11="Mensual",+(K11/12),IF(J11="Bimestral",+(K11/6),IF(J11="Trimestral",+(K11/4),IF(J11="Semestral",+(K11/2),IF(J11="Anual",+(K11/1),""))))))) -> 0 | M11: Entre el 1% y el 3% del patrimonio de la Lotería de Bogotá | N11: =IF(M11="Menor al 1% del patrimonio de la Lotería de Bogotá",20%,IF(M11="Entre el 1% y el 3% del patrimonio de la Lotería de Bogotá",40%,IF(M11="Entre el 3% y el 6% del patrimonio de la Lotería de Bogotá",60%,IF(M11="Entre el 6% y el 10% del patrimonio de la Lotería de Bogotá",80%,IF(M11="Mayor al 10% del patrimonio de la Lotería de Bogotá",100%,IF(M11="NA",0%,"")))))) -> 0.4 | O11: El riesgo afecta la imagen de la entidad internamente, de conocimiento general nivel interno, de junta directiva y accionistas y/o de proveedores | P11: =IF(O11="El riesgo afecta la imagen de algún área de la organización",20%,IF(O11="El riesgo afecta la imagen de la entidad internamente, de conocimiento general nivel interno, de junta directiva y accionistas y/o de proveedores",40%,IF(O11="El riesgo afecta la imagen de la entidad con algunos usuarios de relevancia frente al logro de los objetivos",60%,IF(O11="El riesgo afecta la imagen de la entidad con efecto publicitario sistenido a nivel de sector administrativo, nivel departamental o municipal",80%,IF(O11="El riesgo afecta la imagen de la entidad a nivel nacional, con efecto publicitario sistenido a nivel país",100%,IF(O11="NA",0%,"")))))) -> 0.4 | Q11: NA | R11: =IF(Q11="Interrupción de la operación por menos de un día",20%,IF(Q11="Interrupción de la operación por un día completo",40%,IF(Q11="Interrupción de la operación mayor a 1 día y menor a 2 días",60%,IF(Q11="Interrupción de la operación por dos días completos",80%,IF(Q11="Interrupción de la operación por más de dos días",100%,IF(Q11="NA",0%,"")))))) -> 0 | S11: Servicios | T11: Confidencialidad | U11: =+MAX(N11,P11,R11) -> 0.4 | V11: =IF(L11<=20%,"Muy baja",IF(L11<=40%,"Baja",IF(L11<=60%,"Media",IF(L11<=80%,"Alta",IF(L11<=100%,"Muy alta",IF(L11>=100%,"Muy alta","")))))) -> Muy baja | W11: =+IFERROR(VLOOKUP(V11,[3]Fórmula!$F$1:$G$6,2,FALSE),"") -> 0.2 | X11: Moderado | Y11: =+IFERROR(VLOOKUP(X11,[3]Fórmula!$H$1:$I$6,2,FALSE),"") -> 0.6 | Z11: =+IFERROR(VLOOKUP(V11&X11,[3]Fórmula!$C$2:$D$26,2,FALSE),"") -> Moderado | AA11: =IF(Z11="Bajo",25%,IF(Z11="Moderado",50%,IF(Z11="Alto",75%,IF(Z11="Extremo",100%,"")))) -> 0.5 | AB11: La periodicidad se estableció en semanal, y nivel de ocurrencia cero, ya que el riesgo no se ha materializado. En afectación económica es menor debido a que podría llegar a afectar la disponibilidad de recursos de la entidad. La afectación reputacional también es menor, debido a las instancias donde se afectaría la imagen de la Lotería de Bogotá. | AC11: Token de acceso a portales bancarios guardados en bóveda de seguridad | AD11: El Representante legal debe tramitar ante el banco la solicitud de administracion de portal y con este servicio se asignan tokens de seguridad para acceso a los portales bancarios. El tesorero guarda estos tokens en la boveda de seguridad todos dias al finalizar la labor. El Tesorero es el único funcionario con la autorización suficiente para el uso de los tokens de seguridad de cada entidad financiera. | AE11: Preventivo | AF11: =IF(AE11="Preventivo",25%,IF(AE11="Detectivo",15%,IF(AE11="Correctivo",10%,""))) -> 0.25 | AG11: Manual | AH11: =IF(AG11="Manual",15%,IF(AG11="Automático",25%,"")) -> 0.15 | AI11: =+AH11+AF11 -> 0.4 | AJ11: Confiable | AK11: SI | AL11: Con el fin de evitar la interrupción de la operación del proceso, el tesorero(a) entregará al Jefe de la Unidad Financiera y Contable un sobre sellado con la relación de tokens y clave de las bóvedas de seguridad, que se utilizará en caso de fuerza mayor, quién será el responsable del manejo de esta información. | AM11: Documentado | AN11: Procedimiento gestión de egresos PRO-310-246-9 Protocolo de seguridad y manejo de las cuentas | AO11: Continua | AP11: Diario | AQ11: Se cuenta con carpeta que contiene información sobre los tokens con que cuenta tesorería. | AR11: Asignado | AS11: Tesorero(a) Jefe de la Unidad Financiera y Contable | AT11: Adecuado | AU11: =+AA11*AI11 -> 0.2 | AV11: =+AA11-AU11 -> 0.3 | AW11: =+IF(C11="Corrupción","Moderado",IF(AV13<=25%,"Bajo",IF(AV13<=50%,"Moderado",IF(AV13<=75%,"Alto",IF(AV13>75%,"Extremo",""))))) -> Moderado | AX11: Mitigar | AY11: 1 | AZ11: Dar cumplimiento al Protocolo de seguridad y manejo de las cuentas | BA11: Tesorero(a) Auxiliar Administrativo de Tesorería Jefe Unidad Financiera y Contable | BB11: 44927 | BC11: 45291 | BD11: Soportes de implementación del Protocolo de seguridad y manejo de las cuentas | BE11: 44985 | BG11: 45046 | BJ11: 45107 | BM11: 45169 | BP11: 45230 | BS11: 45291
AC12: Bovedas de seguridad para custodia de documentos | AD12: Se cuenta con dos cajas fuertes, una en la Oficina de la Tesorería General, y la segunda en la Oficina del Auxiliar de Tesorería, y cada uno maneja y conoce la clave de la caja fuerte de su oficina, esas claves son conocidas únicamente por estos responsables. El Auxiliar administrativo asignado a la tesoreria tiene acceso a la bóveda donde se custodian: premios en proceso de pago, chequeras en uso, sello seco para los cheques y documentos bancarios que lo ameriten. La bóveda asignada a la o el Tesorera (o) se custodia: token, claves, titulos valor, cdt, cheques, billetes en proceso de investigación de fraude, tarjetas bonos para estímulo de ventas. | AE12: Preventivo | AF12: =IF(AE12="Preventivo",25%,IF(AE12="Detectivo",15%,IF(AE12="Correctivo",10%,""))) -> 0.25 | AG12: Manual | AH12: =IF(AG12="Manual",15%,IF(AG12="Automático",25%,"")) -> 0.15 | AI12: =+AH12+AF12 -> 0.4 | AJ12: Confiable | AK12: SI | AL12: Con el fin de evitar la interrupción de la operación del proceso, el tesorero(a) entregará al Jefe de la Unidad Financiera y Contable un sobre sellado con la relación de tokens y clave de las bóvedas de seguridad, que se utilizará en caso de fuerza mayor, quién será el responsable del manejo de esta información. | AM12: Documentado | AN12: Protocolo de seguridad y manejo de las cuentas | AO12: Continua | AP12: Diario | AQ12: Protocolo de seguridad y manejo de las cuentas, apartado sobre cajas de seguridad. | AR12: Asignado | AS12: Tesorero(a) Auxiliar Administrativo de Tesorería Jefe de la Unidad Financiera y Contable | AT12: Adecuado | AU12: =+AV11*AI12 -> 0.12 | AV12: =+AV11-AU12 -> 0.18 | AY12: 2 | AZ12: Diseñar e implementar un formato de Relación de Tokens manejo Tesorería | BA12: Tesorera | BB12: 44927 | BC12: 45291 | BD12: Formato de Relación de Tokens manejo Tesorería | BE12: 44985 | BG12: 45046 | BJ12: 45107 | BM12: 45169 | BP12: 45230 | BS12: 45291
AC13: Inventario mensual de títulos valores (cheques, CDT) | AD13: Mensualmente el tesorero(a) realiza inventario de los CDTS en custodia y junto con el auxiliar de tesorería elaboran actas con el inventario de cheques. Dentro de estas actas se relacionan: el banco, la cuenta y el numero de cheque con su intervalo. El acta debe estar firmada por los dos involucrados relacionando fecha y hora de la actividad. | AE13: Preventivo | AF13: =IF(AE13="Preventivo",25%,IF(AE13="Detectivo",15%,IF(AE13="Correctivo",10%,""))) -> 0.25 | AG13: Manual | AH13: =IF(AG13="Manual",15%,IF(AG13="Automático",25%,"")) -> 0.15 | AI13: =+AH13+AF13 -> 0.4 | AJ13: =+#REF! -> #REF! | AK13: =+#REF! -> #REF! | AL13: Si existe perdida de algún título valor se debe solicitar al banco el no pago del título valor y seguir el protocolo establecido por el banco. | AM13: Documentado | AN13: Protocolo de seguridad y manejo de las cuentas | AO13: Continua | AP13: Mensual | AQ13: Acta control de cheques | AR13: =+#REF! -> #REF! | AS13: Tesorero(a) Auxiliar Administrativo de Tesorería Jefe de la Unidad Financiera y Contable | AT13: =+#REF! -> #REF! | AU13: =+AV12*AI13 -> 0.072 | AV13: =+AV12-AU13 -> 0.108 | AY13: 3 | AZ13: Elaborar el Inventario mensual de títulos valores (cheques, CDT) | BA13: Tesorero(a) Auxiliar Administrativo de Tesorería | BB13: 44927 | BC13: 45291 | BD13: Inventario mensual de títulos valores | BE13: 44985 | BG13: 45046 | BJ13: 45107 | BM13: 45169 | BP13: 45230 | BS13: 45291
A14: NO | B14: Gestión de Bienes y Servicios | C14: Corrupción | D14: Talento humano | E14: Fraude interno | F14: 1. Inadecuado control de inventarios 2. Inadecaudo sitio de almacenamiento 3. Falta de mantenimiento a los bienes 4. Incumplimiento de las condiciones de manipulación y almacenamiento de los bienes 5. Sustracción no autorizada de elementos | G14: RC-10 | H14: Posibilidad de afectación económica por la pérdida o deterioro de elementos o bienes de la Lotería con el fin de ocasionar daño o beneficio a terceros. | I14: 1. Perjuicios economicos para la entidad 2. Incumplimiento en las entregas 3. Procesos disciplinarios 4. Procesos penales | J14: Trimestral | K14: 0 | L14: =IF(J14="Diaria",+(K14/360),IF(J14="Mensual",+(K14/12),IF(J14="Bimestral",+(K14/6),IF(J14="Trimestral",+(K14/4),IF(J14="Semestral",+(K14/2),IF(J14="Anual",+(K14/1),"")))))) -> 0 | M14: Menor al 1% del patrimonio de la Lotería de Bogotá | N14: =IF(M14="Menor al 1% del patrimonio de la Lotería de Bogotá",20%,IF(M14="Entre el 1% y el 3% del patrimonio de la Lotería de Bogotá",40%,IF(M14="Entre el 3% y el 6% del patrimonio de la Lotería de Bogotá",60%,IF(M14="Entre el 6% y el 10% del patrimonio de la Lotería de Bogotá",80%,IF(M14="Mayor al 10% del patrimonio de la Lotería de Bogotá",100%,IF(M14="NA",0%,"")))))) -> 0.2 | O14: NA | P14: =IF(O14="El riesgo afecta la imagen de algún área de la organización",20%,IF(O14="El riesgo afecta la imagen de la entidad internamente, de conocimiento general nivel interno, de junta directiva y accionistas y/o de proveedores",40%,IF(O14="El riesgo afecta la imagen de la entidad con algunos usuarios de relevancia frente al logro de los objetivos",60%,IF(O14="El riesgo afecta la imagen de la entidad con efecto publicitario sistenido a nivel de sector administrativo, nivel departamental o municipal",80%,IF(O14="El riesgo afecta la imagen de la entidad a nivel nacional, con efecto publicitario sistenido a nivel país",100%,IF(O14="NA",0%,"")))))) -> 0 | Q14: NA | R14: =IF(Q14="Interrupción de la operación por menos de un día",20%,IF(Q14="Interrupción de la operación por un día completo",40%,IF(Q14="Interrupción de la operación mayor a 1 día y menor a 2 días",60%,IF(Q14="Interrupción de la operación por dos días completos",80%,IF(Q14="Interrupción de la operación por más de dos días",100%,IF(Q14="NA",0%,"")))))) -> 0 | S14: Hardware y software | T14: Disponibilidad | U14: =+MAX(N14,P14,R14) -> 0.2 | V14: =IF(L14<=20%,"Muy baja",IF(L14<=40%,"Baja",IF(L14<=60%,"Media",IF(L14<=80%,"Alta",IF(L14<=100%,"Muy alta",IF(L14>=100%,"Muy alta","")))))) -> Muy baja | W14: =+IFERROR(VLOOKUP(V14,Fórmula!$F$1:$G$6,2,FALSE),"") -> 0.2 | X14: Moderado | Y14: =+IFERROR(VLOOKUP(X14,Fórmula!$H$1:$I$6,2,FALSE),"") -> 0.6 | Z14: Moderado | AA14: =IF(Z14="Bajo",25%,IF(Z14="Moderado",50%,IF(Z14="Alto",75%,IF(Z14="Extremo",100%,"")))) -> 0.5 | AB14: Se definió la probabilidad de carácter trimestral debido a que la ejecución de los controles que ejecuta el almacenista tiene esa periodicidad. Se definió en cero el nivel de ocurrencia por año, debido a que el riesgo no se ha materializado en los últimos seis años. La afectación económica en ningún caso llega a calcularse en el 1% del patrimonio de la Lotería de Bogotá, razón por la cual se estableció en leve. | AC14: El almacenisma trimestralmente verificará las existencias de consumo y publicidad a través del aplicativo en el cual se relacionan las cantidades existentes por sistema de cada elemento de consumo, y se confronta con el físico de la bodega del sotano del almacén y el almacén de los promocionales. La almacenista realiza control de consumo por área de acuerdo al historíco de consumo. Si existen desviaciones del control, el Almacenista se debe informar por correo electrónico al jefe del area sobre las diferencias detectadas y se debe identificar las causas del descuadre. Realizando un análisis de la trazabilidad de los movimientos. El soporte del control son los listados de existencias. | AD14: El almacenisma trimestralmente debe emitir un listado de existencias a través del aplicativo en el cual se relacionan las cantidades existentes por sistema de cada elemento de consumo, y se confronta con el físico de la bodega del sotano del almacén y el almacén de los promocionales. La almacenista realiza control de consumo por área de acuerdo al historíco de consumo. | AE14: Preventivo | AF14: =IF(AE14="Preventivo",25%,IF(AE14="Detectivo",15%,IF(AE14="Correctivo",10%,""))) -> 0.25 | AG14: Manual | AH14: =IF(AG14="Manual",15%,IF(AG14="Automático",25%,"")) -> 0.15 | AI14: =+AH14+AF14 -> 0.4 | AJ14: Confiable | AK14: SI | AL14: Se debe informar por correo electrónico al jefe del area sobre las diferencias detectadas y se debe identificar las causas del descuadre. Realizando un análisis de la trazabilidad de los movimientos. | AM14: Documentado | AN14: Procedimiento de administración de bienes y/o elementos devolutivos PRO.330.238 | AO14: Continua | AP14: Trimestral | AQ14: Listados de existencias | AR14: Asignado | AS14: Almacenista Jefe Unidad de bienes y servicios | AT14: Adecuado | AU14: =+AI14*AA14 -> 0.2 | AV14: =+AA14-AU14 -> 0.3 | AW14: =+IF(C14="Corrupción","Moderado",IF(AV18<=25%,"Bajo",IF(AV18<=50%,"Moderado",IF(AV18<=75%,"Alto",IF(AV18>75%,"Extremo",""))))) -> Moderado | AX14: Mitigar | AY14: 1 | AZ14: La Almacenista de manera aleatoria verificará los bienes a cargo de funcionarios de la entidad | BA14: Jefe Unidad de Recursos Físicos - Almacenista - CIGYD | BB14: 44805 | BC14: 44926 | BD14: Inventario firmado Acta de verificación | BE14: 44620 | BG14: 44681 | BJ14: 44742 | BM14: 44804 | BP14: 44865 | BS14: 44926
AC15: El almacenisma anualmente (enero con corte 31 de diciembre) debe realizar la verificación de existencias en almacén y el inventario individual de cada funcionario través del aplicativo. El individiual se envia por email a cada funcionario con el fin de verificar que la relacion corresponda a la realidad y se confronta con el físico de la bodega del sotano del almacén y el almacén de los promocionales. Si se detectan desviaciones en la ejecución del control, se debe informar por correo electrónico al jefe del area sobre las diferencias detectadas y se debe identificar las causas del descuadre. Realizando un análisis de la trazabilidad de los movimientos. Se otorga un plazo (3 días) para que el funcionario ubique el elemento, el almacenista debe informar a Secretaría General para iniciar un proceso disciplinario. Como soporte del control, la evidencia son los listados de existencias, actas de verificación, e inventarios individuales firmados por los funcionarios. | AD15: El almacenisma anualmente (enero con corte 31 de diciembre) debe emitir un listado de existencias en almacén y el inventario individual de cada funcionario través del aplicativo. El individiual se envia por email a cada funcionario con el fin de verificar que la relacion corresponda a la realidad y se confonta con el físico de la bodega del sotano del almacén y el almacén de los promocionales. | AE15: Preventivo | AF15: =IF(AE15="Preventivo",25%,IF(AE15="Detectivo",15%,IF(AE15="Correctivo",10%,""))) -> 0.25 | AG15: Manual | AH15: =IF(AG15="Manual",15%,IF(AG15="Automático",25%,"")) -> 0.15 | AI15: =+AH15+AF15 -> 0.4 | AJ15: Confiable | AK15: SI | AL15: Se debe informar por correo electrónico al jefe del area sobre las diferencias detectadas y se debe identificar las causas del descuadre. Realizando un análisis de la trazabilidad de los movimientos. SE le da el tiempo (3 días) para que el funcionario para que ubique el elemento. el almacenista debe informar a secretaria para iniociar un proceso disciplinario | AM15: Documentado | AN15: Procedimiento de inventario PRO.330.240 | AO15: Continua | AP15: Anual | AQ15: Listados de existencias Acta de verificación Inventarios individuales firmados por los funcionarios. | AR15: Asignado | AS15: Almacenista Jefe Unidad de Recursos Físicos | AT15: Adecuado | AU15: =+AV14*AI15 -> 0.12 | AV15: =+AV14-AU15 -> 0.18 | AY15: 2 | AZ15: La Almacenista enviará los inventarios individuales de manera semestral a todos los funcionarios de la entidad. | BA15: Jefe Unidad de Recursos Físicos | BB15: 44805 | BC15: 44926 | BD15: Inventarios individuales enviados por correo institucional. | BE15: 44620 | BG15: 44681 | BJ15: 44742 | BM15: 44804 | BP15: 44865 | BS15: 44926
AC16: El Almacenista, cada vez que un funcionario presente alguna de las siguientes situaciones administrativas: 1.Vacaciones, 2. Traslados, 3. Retiros, verifica el inventario entregado por el funcionario asignado en el aplicativo. Si se identifica desviación del control, se otorga el plazo (3 días) para que el funcionario ubique el elemento, el almacenista debe informar a Secretaría General para iniciar un proceso disciplinario Como soporte de la ejecución del control, resulta: acta de entrega para traslado y vacaciones, formato para retiro de funcionarios y contratistas. | AD16: Cada vez que un funcionario tiene una de estas novedades debe entregar el inventario a su cargo, se emite el listado del aplicativo se verifica la existencia y se firma. Acta de entrega para traslado y vacaciones paz y salvo para retiro. | AE16: Preventivo | AF16: =IF(AE16="Preventivo",25%,IF(AE16="Detectivo",15%,IF(AE16="Correctivo",10%,""))) -> 0.25 | AG16: Manual | AH16: =IF(AG16="Manual",15%,IF(AG16="Automático",25%,"")) -> 0.15 | AI16: =+AH16+AF16 -> 0.4 | AJ16: Confiable | AK16: SI | AL16: Se le da el tiempo (3 días) para que el funcionario para que ubique el elemento. el almacenista debe informar a secretaria para iniociar un proceso disciplinario | AM16: Documentado | AN16: Procedimiento de inventario PRO.330.240 | AO16: Aleatoria | AP16: Cada vez que suceda la novedad | AQ16: Paz y salvo | AR16: Asignado | AS16: Almacenista Jefe Unidad de Recursos Físicos | AT16: Adecuado | AU16: =+AV15*AI16 -> 0.072 | AV16: =+AV15-AU16 -> 0.108 | AY16: 3 | BA16: Almacenista Jefe Unidad de Recursos Físicos | BB16: 44562 | BC16: 44926 | BE16: 44620 | BG16: 44681 | BJ16: 44742 | BM16: 44804 | BP16: 44865 | BS16: 44926
AC17: El personal de seguridad de manera constante monitorea las cámaras del CCTV. En recepción debe permanentemente evidenciar que las camaras esten grabando y debe informar telefonicamente la novedad. Anualmente se realiza una verificación de funcionamiento por la empresa de vigilancia, sitio correcto y radar de alcance de cada cámara. El mantenimiento está a cargo de la Lotería de Bogotá. CCTV en el almacén (entrada, interior con sensor de movimiento) y el resto de las instalaciones de la Entidad. El DVR del CCTV se encuentra el el centro de computo de sistemas (control de acceso), cuenta con una capacidad de almacenamiento 30 dias aprox dependiendo del volumen (Variabilidad de grabación de las cámaras del sensor de movimiento). Si se detectan desviaciones en el control, la Unidad de Recursos Físicos debe ajustar las cámaras que no esten grabando Se debe realizar solicitud y autorización de los arreglos. Como soporte de la ejecución del control resulta el soporte de mantenimiento preventivo realizado por la Lotería de Bogotá. | AD17: El DVR del CCTV se encuentra el el centro de computo de sistemas (control de acceso) y es vigilado permanentemente por el personal de seguridad (pantalla). Capacidad de almacenamiento 30 dias aprox dependiendo del volumen (Variabilidad de grabación de las cámaras del sensor de movimiento). En recepción debe permanentemente evidenciar que las camaras esten grabando y debe informar telefonicamente la novedad. Anualmente se realiza una verificación de funcionamiento por la empresa de vigilancia, sitio correcto y radar de alcance de cada cámara. El mantenimiento está a cargo de la Lotería de Bogotá. | AE17: Preventivo | AF17: =IF(AE17="Preventivo",25%,IF(AE17="Detectivo",15%,IF(AE17="Correctivo",10%,""))) -> 0.25 | AG17: Manual | AH17: =IF(AG17="Manual",15%,IF(AG17="Automático",25%,"")) -> 0.15 | AI17: =+AH17+AF17 -> 0.4 | AJ17: Confiable | AK17: SI | AL17: La Unidad de Recursos Físicos debe ajustar las cámaras que no esten grabando Se debe realizar solicitud y autorización de los arreglos | AM17: Documentado | AN17: Contrato de vigilancia | AO17: Continua | AP17: Permanente | AQ17: Soporte de mantenimiento preventivo realizado por la Lotería de Bogotá. | AR17: Asignado | AS17: Supervisor del contrato de vigilancia | AT17: Adecuado | AU17: =+AV16*AI17 -> 0.0432 | AV17: =+AV16-AU17 -> 0.0648 | AY17: 4 | BA17: Supervisor del contrato de vigilancia | BB17: 44562 | BC17: 44926 | BE17: 44620 | BG17: 44681 | BJ17: 44742 | BM17: 44804 | BP17: 44865 | BS17: 44926
AC18: El jefe de la Unidad de Recursos Físicos anualmente debe verifica la elaboración del contrato de seguros con el fin de proteger los bienes patrimoniales de la entidad, muebles e inmuebles, maquinaria y equipos. Se gestionan las siguientes pólizas: 1. Todo Riesgo daños combinados, 2. Poliza de manejo, 3. Poliza contra hurto. Si se detectan desviaciones en la ejecución del control, si hay compra de nuevos bienes o pérdida de elementos, se debe informar a la aseguradora para los fines pertinentes. Como soporte de la ejecución del control resultan las pólizas físicas, copia digital en la red de la Unidad de Recursos Físicos. | AD18: Anualmente el jefe de recursos físicos debe gestionar la elaboración del contrato de seguros con el fin de proteger los bienes patrimoniales de la entidad. Muebles e inmeubles maquinaria y equipos | AE18: Preventivo | AF18: =IF(AE18="Preventivo",25%,IF(AE18="Detectivo",15%,IF(AE18="Correctivo",10%,""))) -> 0.25 | AG18: Manual | AH18: =IF(AG18="Manual",15%,IF(AG18="Automático",25%,"")) -> 0.15 | AI18: =+AH18+AF18 -> 0.4 | AJ18: Confiable | AK18: SI | AL18: Compra de nuevos bienes factura y entrada elaborar memorando a la compañía de seguros para expedir una adición a la políza y realizan el cobro respectivo Perdida de una elemento informar adjuntar copia del denuncio y se inicia el proceso de igual o mejor. | AM18: Documentado | AN18: Procedimiento de administración de bienes y/o elementos devolutivos PRO.330.238 | AO18: Continua | AP18: Anual | AQ18: Polizas físicas copia digital en la red de RF | AR18: No Asignado | AS18: Jefe Unidad de Recursos Físicos | AT18: Adecuado | AU18: =+AV17*AI18 -> 0.02592 | AV18: =+AV17-AU18 -> 0.03888 | AY18: 5 | BA18: Jefe Unidad de Recursos Físicos | BB18: 44562 | BC18: 44926 | BE18: 44620 | BG18: 44681 | BJ18: 44742 | BM18: 44804 | BP18: 44865 | BS18: 44926
A19: NO | B19: Gestión de Bienes y Servicios | C19: Corrupción | D19: Talento humano | E19: Fraude interno | F19: 1. Desconocimiento por parte del supervisor de sus deberes y las obligaciones del contratista. 2. Omisión de requisitos para favorecer un tercero 3. Falta de claridad en los entregables y obligaciones del proveedor o contratista 4. Falta de seguimiento y control al trabajo que debe reportar el contratista a los supervisores | G19: RC-11 | H19: Posibilidad de realizar inadecuada supervisión de contratos con el fin de favorecer a un tercero. | I19: 1. Incumplimiento contractual 2. Perjuicios económicos para la entidad 3. Desgaste administrativo 4. Procesos disciplinarios 5. Procesos jurídicos | J19: Mensual | K19: 2 | L19: =IF(J19="Diaria",+(K19/360),IF(J19="Mensual",+(K19/12),IF(J19="Bimestral",+(K19/6),IF(J19="Trimestral",+(K19/4),IF(J19="Semestral",+(K19/2),IF(J19="Anual",+(K19/1),"")))))) -> 0.16666667 | M19: Menor al 1% del patrimonio de la Lotería de Bogotá | N19: =IF(M19="Menor al 1% del patrimonio de la Lotería de Bogotá",20%,IF(M19="Entre el 1% y el 3% del patrimonio de la Lotería de Bogotá",40%,IF(M19="Entre el 3% y el 6% del patrimonio de la Lotería de Bogotá",60%,IF(M19="Entre el 6% y el 10% del patrimonio de la Lotería de Bogotá",80%,IF(M19="Mayor al 10% del patrimonio de la Lotería de Bogotá",100%,IF(M19="NA",0%,"")))))) -> 0.2 | O19: El riesgo afecta la imagen de la entidad internamente, de conocimiento general nivel interno, de junta directiva y accionistas y/o de proveedores | P19: =IF(O19="El riesgo afecta la imagen de algún área de la organización",20%,IF(O19="El riesgo afecta la imagen de la entidad internamente, de conocimiento general nivel interno, de junta directiva y accionistas y/o de proveedores",40%,IF(O19="El riesgo afecta la imagen de la entidad con algunos usuarios de relevancia frente al logro de los objetivos",60%,IF(O19="El riesgo afecta la imagen de la entidad con efecto publicitario sistenido a nivel de sector administrativo, nivel departamental o municipal",80%,IF(O19="El riesgo afecta la imagen de la entidad a nivel nacional, con efecto publicitario sistenido a nivel país",100%,IF(O19="NA",0%,"")))))) -> 0.4 | Q19: NA | R19: =IF(Q19="Interrupción de la operación por menos de un día",20%,IF(Q19="Interrupción de la operación por un día completo",40%,IF(Q19="Interrupción de la operación mayor a 1 día y menor a 2 días",60%,IF(Q19="Interrupción de la operación por dos días completos",80%,IF(Q19="Interrupción de la operación por más de dos días",100%,IF(Q19="NA",0%,"")))))) -> 0 | S19: Servicios | T19: NA | U19: =+MAX(N19,P19,R19) -> 0.4 | V19: =IF(L19<=20%,"Muy baja",IF(L19<=40%,"Baja",IF(L19<=60%,"Media",IF(L19<=80%,"Alta",IF(L19<=100%,"Muy alta",IF(L19>=100%,"Muy alta","")))))) -> Muy baja | W19: =+IFERROR(VLOOKUP(V19,Fórmula!$F$1:$G$6,2,FALSE),"") -> 0.2 | X19: Moderado | Y19: =+IFERROR(VLOOKUP(X19,Fórmula!$H$1:$I$6,2,FALSE),"") -> 0.6 | Z19: Moderado | AA19: =IF(Z19="Bajo",25%,IF(Z19="Moderado",50%,IF(Z19="Alto",75%,IF(Z19="Extremo",100%,"")))) -> 0.5 | AB19: La periodicidad se estableció en mensual, debido a que el 90% de los contratos, se ejecutan con periodicidad mensual, el nivel de ocurrencia se definió por debajo de la línea base sugerida de la Política de Administración del Riesgo, ya que no se cuenta con soportes de que el riesgo se haya materializado. Frente al impacto, se estableció la afectación económica en leve, debido al promedio de valor de los contratos, y afectación reputacional en menor, debido a la imagen afectada de la Lotería de Bogotá de manera interna. | AC19: El supervisor conforme a la periodicidad establecida en el contrato y con el fin de verificar el cumplimiento de las obligaciones contractuales, deberá revisar y analizar que los informes presentados por el contratista para el pago, de acuerdo a las estipulaciones contractuales, contengan los productos o documentos que soporten la actividad y sean pertinentes para acreditar el cumplimiento. En caso de indentificar que el informe o la actividad reportada no cumple con las condicionaes pactadas, deberá requerir al contratista para el respectivo ajuste. Una vez verificado el cumpimiento, el supervisor a través del formato dispuesto para el informe de seguimiento contractual, certificará el cumpliento de las obligaciones contractuales. Como soporte de la ejecución del control resulta el Informe de supervisión. | AD19: El supervisor conforme a la periodicidad establecida en el contrato y con el fin de verificar el cumplimiento de las obligaciones contractuales, deberá revisar y analizar que los informes presentados por el contratista para el pago, de acuerdo a las estipulaciones contractuales, contengan los productos o documentos que soporten la actividad y sean pertinentes para acreditar el cumplimiento. En caso de indentificar que el informe o la actividad reportada no cumple con las condicionaes pactadas, deberá requerir al contratista para el respectivo ajuste. Una vez verificado el cumpimiento, el supervisor a través del formato dispuesto para el informe de seguimiento contractual, certificará el cumpliento de las obligaciones contractuales. | AE19: Preventivo | AF19: =IF(AE19="Preventivo",25%,IF(AE19="Detectivo",15%,IF(AE19="Correctivo",10%,""))) -> 0.25 | AG19: Manual | AH19: =IF(AG19="Manual",15%,IF(AG19="Automático",25%,"")) -> 0.15 | AI19: =+AH19+AF19 -> 0.4 | AJ19: Confiable | AK19: SI | AL19: El supervisor de los contratos debe realizar un oficio o correo electrónico sobre el incumplimiento y soporte del mismo, al contratista y al ordenador del gasto, con el fin que se tomen las decisiones y correctivos necesarios. Si se presenta inconsistencia del cumplimiento de las obligaciones contractuales, el supervisor no debe tramitar la cuenta correspondiente. El supervisor debe mantener informado al ordenador del gasto de los hechos o circunstancias que puedan afectar la ejecución del contrato, o que puedan poner o pongan en riesgo el cumplimiento del contrato, o cuando tal incumplimiento se presente. | AM19: Documentado | AN19: Manual contratacion Procedimento seguimiento contractual PRO-03-235-8 | AO19: Continua | AP19: Mensual | AQ19: Informe de supervisión | AR19: Asignado | AS19: Supervisor del contrato | AT19: Adecuado | AU19: =+AI19*AA19 -> 0.2 | AV19: =+AA19-AU19 -> 0.3 | AW19: =+IF(C19="Corrupción","Moderado",IF(AV20<=25%,"Bajo",IF(AV20<=50%,"Moderado",IF(AV20<=75%,"Alto",IF(AV20>75%,"Extremo",""))))) -> Moderado | AX19: Mitigar | AY19: 1 | AZ19: Mantener actualizados los procedimientos de: - Seguimiento Contractual - Manual de Contratación | BA19: Secretaria General | BB19: 44562 | BC19: 44926 | BD19: Procedimientos actualizados cuando se requiera | BE19: 44620 | BG19: 44681 | BJ19: 44742 | BM19: 44804 | BP19: 44865 | BS19: 44926
AC20: La Secretaría General garantizará anualmente la realización de una capacitación dirigida a los supervisores de contratos, en relación con las funciones y responsabilidades de la supervisión con la finalidad de brindar herramientas para el buen ejercicio de la función de supervisión. La capacitación tiene como fin recordar y afianzar conocimiento en el cumplimiento de las obligaciones En caso de inasistencia, se reportará a la Unidad de Talento Humano con la finalidad de generar una acción de mejora respecto de los servidores públicos que no asistieron, dicha capacitación deberá ser evaluada para identificar la apropiación del conocimiento por parte del público objetivo. Como soporte de la ejecución del control, resulta el formato de lista de asistencia de los supervisores presentes junto con la memorias de la capacitación. | AD20: La Secretaría General articulará anualmente la realización de una capacitación dirigida a los supervisores de contratos, en relación con las funciones y responsabilidades de la supervisión con la finalidad de brindar herramientas para el buen ejercicio de la función de supervisión. Se dejará constancia a través del formato de lista de asistencia de los supervisores presentes junto con la memorias de la capacitación. En caso de inasistencia, se reportará a la Unidad de Talento Humano con la finalidad de generar una acción de mejora respecto de los servidores públicos que no asistieron, dicha capacitación deberá ser evaluada para identificar la apropiación del conocimiento por parte del público objetivo. | AE20: Preventivo | AF20: =IF(AE20="Preventivo",25%,IF(AE20="Detectivo",15%,IF(AE20="Correctivo",10%,""))) -> 0.25 | AG20: Manual | AH20: =IF(AG20="Manual",15%,IF(AG20="Automático",25%,"")) -> 0.15 | AI20: =+AH20+AF20 -> 0.4 | AJ20: Confiable | AK20: NO | AM20: Documentado | AN20: Politica de Prevencion del Daño Antijurídico adoptado por el Comité de conciliacion de la Lotería de Bogotá. | AO20: Continua | AP20: Anual | AQ20: Listas de asistencia a la capacitación | AR20: Asignado | AS20: Secretaria General | AT20: Adecuado | AU20: =+AV19*AI20 -> 0.12 | AV20: =+AV19-AU20 -> 0.18 | AY20: 2 | AZ20: Realizar la capacitación | BA20: Secretaria General | BB20: 44562 | BC20: 44926 | BD20: Listados de asistencia | BE20: 44620 | BG20: 44681 | BJ20: 30/0/2022 | BM20: 44804 | BP20: 44865 | BS20: 44926
A21: NO | B21: Gestión Documental | C21: Corrupción | D21: Talento humano | E21: Fraude interno | F21: 1. Prestamo de documentación sin el debido registro y control 2. Instalaciones que no cumplan con las normas mínimas de conservación. 3. Desastres naturales en las instalaciones respectivas 4. Malas practicas en la manipulación y organización de los archivos y/o expedientes 5. Falta de recursos (económicos, talento humano, tecnológico) para el cumplimiento de las disposiciones del programa de gestión documental 6. Debilidades en el control de acceso a las zonas de salvaguarda 7. Falta de capacitación y sensibilización en buenas prácticas 8. Intereses personales con beneficio hacia terceros. 9. Fallas en el aplicativo de radicación -SIGA-. | G21: RC-12 | H21: Posibilidad de afectación reputacional por pérdida y/o daño parcial o total de la confidencialidad e integridad de documentos o expedientes en el archivo con el fin de obtener beneficio propio o a un tercero. | I21: 1. Pérdida de la memoria institucional 2. Incumplimiento de las normas sobre archivo. 3. Incumplimiento en la entrega oportuna de información. 4. Apertura de procesos disciplinarios 5. Hallazgos de entes de control | J21: Diaria | K21: 72 | L21: =IF(J21="Diaria",+(K21/360),IF(J21="Mensual",+(K21/12),IF(J21="Bimestral",+(K21/6),IF(J21="Trimestral",+(K21/4),IF(J21="Semestral",+(K21/2),IF(J21="Anual",+(K21/1),"")))))) -> 0.2 | M21: NA | N21: =IF(M21="Menor al 1% del patrimonio de la Lotería de Bogotá",20%,IF(M21="Entre el 1% y el 3% del patrimonio de la Lotería de Bogotá",40%,IF(M21="Entre el 3% y el 6% del patrimonio de la Lotería de Bogotá",60%,IF(M21="Entre el 6% y el 10% del patrimonio de la Lotería de Bogotá",80%,IF(M21="Mayor al 10% del patrimonio de la Lotería de Bogotá",100%,IF(M21="NA",0%,"")))))) -> 0 | O21: El riesgo afecta la imagen de la entidad con algunos usuarios de relevancia frente al logro de los objetivos | P21: =IF(O21="El riesgo afecta la imagen de algún área de la organización",20%,IF(O21="El riesgo afecta la imagen de la entidad internamente, de conocimiento general nivel interno, de junta directiva y accionistas y/o de proveedores",40%,IF(O21="El riesgo afecta la imagen de la entidad con algunos usuarios de relevancia frente al logro de los objetivos",60%,IF(O21="El riesgo afecta la imagen de la entidad con efecto publicitario sistenido a nivel de sector administrativo, nivel departamental o municipal",80%,IF(O21="El riesgo afecta la imagen de la entidad a nivel nacional, con efecto publicitario sistenido a nivel país",100%,IF(O21="NA",0%,"")))))) -> 0.6 | Q21: NA | R21: =IF(Q21="Interrupción de la operación por menos de un día",20%,IF(Q21="Interrupción de la operación por un día completo",40%,IF(Q21="Interrupción de la operación mayor a 1 día y menor a 2 días",60%,IF(Q21="Interrupción de la operación por dos días completos",80%,IF(Q21="Interrupción de la operación por más de dos días",100%,IF(Q21="NA",0%,"")))))) -> 0 | S21: Documental | T21: Confidencialidad e integridad | U21: =+MAX(N21,P21,R21) -> 0.6 | V21: =IF(L21<=20%,"Muy baja",IF(L21<=40%,"Baja",IF(L21<=60%,"Media",IF(L21<=80%,"Alta",IF(L21<=100%,"Muy alta",IF(L21>=100%,"Muy alta","")))))) -> Muy baja | W21: 0.2 | X21: =IF(U21=20%,"Leve",IF(U21=40%,"Menor",IF(U21=60%,"Moderado",IF(U21=80%,"Mayor",IF(U21=100%,"Catastrófico",""))))) -> Moderado | Y21: 0.6 | Z21: Moderado | AA21: =IF(Z21="Bajo",25%,IF(Z21="Moderado",50%,IF(Z21="Alto",75%,IF(Z21="Extremo",100%,"")))) -> 0.5 | AB21: Se estableció el nivel de ocurrencia en 71 siguiendo la línea base de la periodicidad diaria de la Política de Administración del Riesgo de la entidad. Se estableció el nivel de impacto en moderado, bajo el escenario donde el riesgo se materialice con participación de entes de control. | AC21: El responsable de la Unidad de Recursos Físicos una vez se ha aprobado el préstamo documental garantiza el registro en el formato respectivo la información pertinente del prestamo. Para este control no aplican desviaciones, y el soporte de ejecución de control Formato de Control de Préstamos Documentales debidamente diligenciado. | AD21: El responsable de la Unidad de Recursos Físicos una vez se ha aprobado el préstamo documental garantiza el registro en el formato respectivo la información pertinente del prestamo. | AE21: Detectivo | AF21: =IF(AE21="Preventivo",25%,IF(AE21="Detectivo",15%,IF(AE21="Correctivo",10%,""))) -> 0.15 | AG21: Manual | AH21: =IF(AG21="Manual",15%,IF(AG21="Automático",25%,"")) -> 0.15 | AI21: =+AH21+AF21 -> 0.3 | AJ21: Confiable | AK21: NO | AM21: Documentado | AN21: Formato de Control de Préstamos Documentales debidamente diligenciado. El Procedimiento Gestión de archivo PRO-330-213 no define claramente que cada préstamo debe ser registrado en la planilla de control | AO21: Aleatoria | AP21: Cada vez que se entregue documentación de prestamo | AQ21: Formato de consulta, préstamo y devolución de documentación y/o información FRO-330-397-1 | AR21: Asignado | AS21: Auxiliar Administrativo SICA | AT21: Adecuado | AU21: =+AI21*AA21 -> 0.15 | AV21: =+AA21-AU21 -> 0.35 | AW21: =+IF(C21="Corrupción","Moderado",IF(#REF!<=25%,"Bajo",IF(#REF!<=50%,"Moderado",IF(#REF!<=75%,"Alto",IF(#REF!>75%,"Extremo",""))))) -> Moderado | AX21: Mitigar | AY21: 1 | AZ21: * Realizar Seguimiento y control de consulta y prestamo de expediente mediante el Formato de consulta, préstamo y devolución de documentación y/o información FRO-330-397-1 1. Control de revisión de las solicitudes de prestamos documentales . 2. Lineamiento claro del registro en la planilla de cada prestamo | BA21: Responsable de la Unidad de Recursos Físicos | BB21: 44562 | BC21: 44925 | BD21: Formato de consulta, préstamo y devolución de documentación y/o información FRO-330-397-1 con la trazabilidad de la información prestada | BE21: 44620 | BG21: 44681 | BJ21: 44742 | BM21: 44804 | BP21: 44865 | BS21: 44926
AC22: El responsable de la Unidad de Recursos Físicos una vez reciba la devolución del documento o expediente prestado este debe inspeccionar las condiciones físicas, de integridad y completitud que tengan. Estas condiciones deben cumplir los lineamientos definidos en la Lotería. En caso de que el documento o expediente prestado no cuente con las condiciones físicas, de integridad y completitud, se debe informar al funcionario las inconsistencias que presente el expediente, para que responda por las mismas. El soporte de ejecución de control es el formato de consulta, préstamo y devolución de documentación y/o información debidamente diligenciado. | AD22: El responsable de la Unidad de Recursos Físicos una vez reciba la devolución del documento o expediente prestado este debe inspeccionar las condiciones físicas, de integridad y completitud que tengan. Estas condiciones deben cumplir los lineamientos definidos en la Lotería. | AE22: Detectivo | AF22: =IF(AE22="Preventivo",25%,IF(AE22="Detectivo",15%,IF(AE22="Correctivo",10%,""))) -> 0.15 | AG22: Manual | AH22: =IF(AG22="Manual",15%,IF(AG22="Automático",25%,"")) -> 0.15 | AI22: =+AH22+AF22 -> 0.3 | AJ22: Confiable | AK22: SI | AL22: En caso de que el documento o expediente prestado no cuente con las condiciones físicas, de integridad y completitud, se debe informar al funcionario las inconsistencias que presente el expediente, para que responda por las mismas. | AM22: Sin documentar | AN22: El Procedimiento Gestión de archivo PRO-330-213 no contempla las decisones o alternativas frente a la detección de desviaciones. | AO22: Aleatoria | AP22: Cada vez que se devuelve la documentación prestada | AQ22: Formato de consulta, préstamo y devolución de documentación y/o información FRO-330-397-1 | AR22: Asignado | AS22: Auxiliar Administrativo SICA | AT22: Adecuado | AU22: =+AV21*AI22 -> 0.105 | AV22: =+AV21-AU22 -> 0.245 | AY22: 2 | AZ22: * Elaborar Instructivo avalado por el Sistema de Gestión de Calidad, de consulta y prestamo de expedientes Lineamientos Verificación de condiciones físicas, de integridad y completitud, del archivo cuando se recibe la devolución del documento o expediente prestado. | BA22: Secretaria General | BB22: 44562 | BC22: 44925 | BD22: Instructivo elaborado | BE22: 44620 | BG22: 44681 | BJ22: 44742 | BM22: 44804 | BP22: 44865 | BS22: 44926
AC23: El responsable de la Unidad de Recursos Físicos una vez reciba la documentación entregada por parte de las áreas funcionales debe verificar si el documento cumplió el plazo de retención documental en el archivo de gestión de la dependencia, verificar que la documentación este ordenada, foliada y rotulada en carpetas para enviar al archivo central. En caso de existir documentos en medio magnético se debe etiquetar y especificar el contenido. Si existen incumplimientos o inconsistencias de los requisitos en la entrega de la documentación, esta debe ser devuelta al área respectiva, con el fin de ajustar las desviaciones respectivas. El soporte de ejecución de control es el Formato Unico de Inventario Documental debidamente diligenciado. | AD23: El responsable de la Unidad de Recursos Físicos una vez reciba la documentación entregada por parte de las áreas funcionales debe verificar si el documento cumplió el plazo de retención documental en el archivo de gestión de la dependencia, verificar que la documentación este ordenada, foliada y rotulada en carpetas para enviar al archivo central. En caso de existir documentos en medio magnético se debe etiquetar y especificar el contenido. | AE23: Preventivo | AF23: =IF(AE23="Preventivo",25%,IF(AE23="Detectivo",15%,IF(AE23="Correctivo",10%,""))) -> 0.25 | AG23: Manual | AH23: =IF(AG23="Manual",15%,IF(AG23="Automático",25%,"")) -> 0.15 | AI23: =+AH23+AF23 -> 0.4 | AJ23: Confiable | AK23: SI | AL23: Si existen incumplimientos o inconsistencias de los requisitos en la entrega de la documentación, esta debe ser devuelta al área respectiva, con el fin de ajustar las desviaciones respectivas. | AM23: Sin documentar | AN23: El Procedimiento Gestión de archivo PRO-330-213-9, en el documento no se tiene estipulado de manera clara que pasa si se detectan inconsistencias en la documentación entregada | AO23: Continua | AP23: Cada vez que se entrega documentación para transferencia, acorde al cronograma establecido | AQ23: Formato Unico de Inventario Documental FRO-0330-281-2 | AR23: Asignado | AS23: Profesional de Gestión Documental y Jefe de la Unidad | AT23: Adecuado | AU23: =+AV22*AI23 -> 0.098 | AV23: =+AV22-AU23 -> 0.147 | BE23: 44620 | BG23: 44681 | BJ23: 44742 | BM23: 44804 | BP23: 44865 | BS23: 44926
A24: NO | B24: Gestión Jurídica | C24: Corrupción | D24: Talento humano | E24: Fraude interno | F24: 1.Ausencia de medios para la vigilancia judicial. 2. Inoportuna actuación por parte del abogado responsable del proceso. 3. .Pérdida de información. Manipulación de información. | G24: RC-13 | H24: Posibilidad de afectación económica y reputacional por interés indebido en procesos judiciales en contra de los intereses de la Lotería con el fin de favorecer a un tercero. | I24: 1. Detrimento Patrimonial del Loteria, pérdida de los recursos 2. Pérdida de imagen Institucional. 3. Procesos sancionatorios, disciplinarios, fiscales y penales. | J24: Anual | K24: 1 | L24: =IF(J24="Diaria",+(K24/360),IF(J24="Mensual",+(K24/12),IF(J24="Bimestral",+(K24/6),IF(J24="Trimestral",+(K24/4),IF(J24="Semestral",+(K24/2),IF(J24="Anual",+(K24/1),"")))))) -> 1 | M24: Menor al 1% del patrimonio de la Lotería de Bogotá | N24: =IF(M24="Menor al 1% del patrimonio de la Lotería de Bogotá",20%,IF(M24="Entre el 1% y el 3% del patrimonio de la Lotería de Bogotá",40%,IF(M24="Entre el 3% y el 6% del patrimonio de la Lotería de Bogotá",60%,IF(M24="Entre el 6% y el 10% del patrimonio de la Lotería de Bogotá",80%,IF(M24="Mayor al 10% del patrimonio de la Lotería de Bogotá",100%,IF(M24="NA",0%,"")))))) -> 0.2 | O24: El riesgo afecta la imagen de la entidad con algunos usuarios de relevancia frente al logro de los objetivos | P24: =IF(O24="El riesgo afecta la imagen de algún área de la organización",20%,IF(O24="El riesgo afecta la imagen de la entidad internamente, de conocimiento general nivel interno, de junta directiva y accionistas y/o de proveedores",40%,IF(O24="El riesgo afecta la imagen de la entidad con algunos usuarios de relevancia frente al logro de los objetivos",60%,IF(O24="El riesgo afecta la imagen de la entidad con efecto publicitario sistenido a nivel de sector administrativo, nivel departamental o municipal",80%,IF(O24="El riesgo afecta la imagen de la entidad a nivel nacional, con efecto publicitario sistenido a nivel país",100%,IF(O24="NA",0%,"")))))) -> 0.6 | Q24: NA | S24: Servicios | T24: Confidencialidad | V24: =IF(L24<=20%,"Muy baja",IF(L24<=40%,"Baja",IF(L24<=60%,"Media",IF(L24<=80%,"Alta",IF(L24<=100%,"Muy alta",IF(L24>=100%,"Muy alta","")))))) -> Muy alta | X24: =IF(U24=20%,"Leve",IF(U24=40%,"Menor",IF(U24=60%,"Moderado",IF(U24=80%,"Mayor",IF(U24=100%,"Catastrófico",""))))) | Z24: Alto | AC24: El Jefe de la Oficina Juridica mensualmente realizará seguimiento del estado de los procesos judiciales y actuaciones prejudiciales, a través de los módulos de la herramienta "SIPROJ". En caso de presentarse una desviación del control, se requerirá al abogado responsable la actualización respectiva. como soporte quedará el SIPROJ debidamente actualizado | AD24: Los contratistas deben subir la información de cada actuación que se realiza en el proceso judicial asignado, se verifica el cargue y actualización de procesos en SIPROJ. El propósito del control es realizar veificación a cada uno de los prosesos y su avance en cumplimiento de las funciones de defensa judical en responsabilidad de la SG Con lo anterior, el primer filtro de revisión lo realizan los abogados de apoyo con usuario asignado de SIPROJ designado de Secretaría General, y el segundo filtro de revisión lo realiza la Secretaria General. Los abogados de apoyo en el informe mensual que entregan, incluyen screenshots de la plataforma SIPROJ, donde se evidencia el cargue y actualización de los procesos a su cargo. Si se evidencia información faltante se solicita su cargue y se devuelve la cuenta de cobro | AE24: Preventivo | AF24: =IF(AE24="Preventivo",25%,IF(AE24="Detectivo",15%,IF(AE24="Correctivo",10%,""))) -> 0.25 | AG24: Manual | AH24: =IF(AG24="Manual",15%,IF(AG24="Automático",25%,"")) -> 0.15 | AI24: =+AH24+AF24 -> 0.4 | AJ24: Confiable | AK24: SI | AL24: Si la Base de procesos judiciales actualizada no concuerda con la información que reposa en el Siprojweb, se requiere al abogado encargado para que realice la debida actualización en el sistema. | AM24: Documentado | AN24: Procedimiento Gestión Judicial PRO-103-231 | AO24: Aleatoria | AP24: Cada vez que se presenta un proceso judicial | AQ24: Expediente del contratista Aplicativo SIPROJ | AR24: Asignado | AS24: Oficina Jurídica Trabajadores y contratistas asignados para apoyar supervisión. | AT24: Adecuado | AU24: =+AI24*AA24 -> 0 | AV24: =+AA24-AU24 -> 0 | AW24: =+IF(C24="Corrupción","Moderado",IF(AV25<=25%,"Bajo",IF(AV25<=50%,"Moderado",IF(AV25<=75%,"Alto",IF(AV25>75%,"Extremo",""))))) -> Moderado | AX24: Mitigar | AY24: 1 | AZ24: Realizar seguimiento mensual a la información registrada en Siprojweb. | BA24: Oficina Jurídica Trabajadores y contratistas asignados para apoyar supervisión. | BB24: 44927 | BC24: 45291 | BD24: Soporte de información registrada en Siprojweb. | BE24: 44985 | BG24: 45046 | BJ24: 45107 | BM24: 45169 | BP24: 45230 | BS24: 45291
AC25: La Secretaría General según necesidad del servicio presentará al Comité de Conciliación el perfil del abogado escogido por la Secretaria General para la representación judicial de la entidad . | AD25: De acuerdo con la necesidad de contratación y atendiendo el plan de compras de la entidad, la Secretaria General presentará al Comité de Conciliación el perfil del abogado seleccionado para la representación judicial de la entidad, en la exposición indicará el cumplimiento a los lineamientos definidos por el Comité de Concliación para quien deba ejercer la representación judicial. Se busca una representación judicial con experencia y experticia para controlar el riesgo por pérdida judicial. En comité se dejará evidencia sobre el cumplimiento de esos requisitos y en caso contrario se solicitará su ajuste a los lineamientos ya establecidos por el Comité de Conciliación . Cuando se va a realizar una contratación de abogado externo se presenta al Comité de concliación el perfil . El objetivo del control es contar con un abogado con experticia en litigio y evitar nulidades y riesgo en defensa judicial. La evidencia es el acta del comité donde la Secretaria General de la entidad indica el cumplimiento de la directriz del Comité de Conciliación | AE25: Preventivo | AF25: =IF(AE25="Preventivo",25%,IF(AE25="Detectivo",15%,IF(AE25="Correctivo",10%,""))) -> 0.25 | AG25: Manual | AH25: =IF(AG25="Manual",15%,IF(AG25="Automático",25%,"")) -> 0.15 | AI25: =+AH25+AF25 -> 0.4 | AJ25: Confiable | AK25: SI | AL25: si se requiere al abogado y de ser el caso, se inicia procedimiento de incumplimiento para la afectación de la garantía, además de la compulsa de copia a las autoridades competentes Consejo Seccional de la Judicatura y ante la Fiscalía General de la Nación | AM25: Documentado | AN25: Procedimiento de incumplimiento contractual | AO25: Aleatoria | AP25: Cada vez que se presenta la necesidad de contratación | AQ25: requeirmiento, acta de audiencia de la actuación y decisión de la actuación | AR25: Asignado | AS25: Secretaría General y Supervisor del Contrato | AT25: Adecuado | AU25: =+AV24*AI25 -> 0 | AV25: =+AV24-AU25 -> 0 | AY25: 2 | AZ25: Validación de los lineamientos del Comité de Conciliación en los perfiles a contratar de los abogados. | BA25: Secretaria General Comité de Conciliación | BB25: 44927 | BC25: 45291 | BE25: 44985 | BG25: 45046 | BJ25: 45107 | BM25: 45169 | BP25: 45230 | BS25: 45291
A26: NO | B26: Control Disciplinario Interno | C26: Corrupción | D26: Talento humano | E26: Ejecución y administración de procesos | F26: 1. Calidad del operador disciplinario para decidir sobre los procesos disciplinarios. 2. Calidad del disciplinado para ofrecer dádivas u otro tipo de incentivo a la autoridad disciplinaria. | G26: RC-14 | H26: Posibilidad de afectación reputacional debido al ofrecimiento de dádivas u otro tipo de incentivos para obtener como beneficio una decisión favorable en su calidad de investigado, con el fin de beneficio propio o de terceros | I26: 1. Posibles investigaciones disciplinarias. 2. Posibles investigaciones penales. 3. Impunidad en los procesos disciplinarios. 4. Afectación reputacional de la entidad, | J26: Mensual | K26: 0 | L26: =IF(J26="Diaria",+(K26/360),IF(J26="Mensual",+(K26/12),IF(J26="Bimestral",+(K26/6),IF(J26="Trimestral",+(K26/4),IF(J26="Semestral",+(K26/2),IF(J26="Anual",+(K26/1),"")))))) -> 0 | M26: NA | N26: =IF(M26="Menor al 1% del patrimonio de la Lotería de Bogotá",20%,IF(M26="Entre el 1% y el 3% del patrimonio de la Lotería de Bogotá",40%,IF(M26="Entre el 3% y el 6% del patrimonio de la Lotería de Bogotá",60%,IF(M26="Entre el 6% y el 10% del patrimonio de la Lotería de Bogotá",80%,IF(M26="Mayor al 10% del patrimonio de la Lotería de Bogotá",100%,IF(M26="NA",0%,"")))))) -> 0 | O26: El riesgo afecta la imagen de la entidad a nivel nacional, con efecto publicitario sostenido a nivel país | P26: =IF(O26="El riesgo afecta la imagen de algún área de la organización",20%,IF(O26="El riesgo afecta la imagen de la entidad internamente, de conocimiento general nivel interno, de junta directiva y accionistas y/o de proveedores",40%,IF(O26="El riesgo afecta la imagen de la entidad con algunos usuarios de relevancia frente al logro de los objetivos",60%,IF(O26="El riesgo afecta la imagen de la entidad con efecto publicitario sostenido a nivel de sector administrativo, nivel departamental o municipal",80%,IF(O26="El riesgo afecta la imagen de la entidad a nivel nacional, con efecto publicitario sostenido a nivel país",100%,IF(O26="NA",0%,"")))))) -> 1 | Q26: NA | R26: =IF(Q26="Interrupción de la operación por menos de un día",20%,IF(Q26="Interrupción de la operación por un día completo",40%,IF(Q26="Interrupción de la operación mayor a 1 día y menor a 2 días",60%,IF(Q26="Interrupción de la operación por dos días completos",80%,IF(Q26="Interrupción de la operación por más de dos días",100%,IF(Q26="NA",0%,"")))))) -> 0 | S26: NA | T26: NA | U26: =+MAX(N26,P26,R26) -> 1 | V26: =IF(L26<=20%,"Muy baja",IF(L26<=40%,"Baja",IF(L26<=60%,"Media",IF(L26<=80%,"Alta",IF(L26<=100%,"Muy alta",IF(L26>=100%,"Muy alta","")))))) -> Muy baja | W26: =+IFERROR(VLOOKUP(V26,Fórmula!$F$1:$G$6,2,FALSE),"") -> 0.2 | X26: =IF(U26=20%,"Leve",IF(U26=40%,"Menor",IF(U26=60%,"Moderado",IF(U26=80%,"Mayor",IF(U26=100%,"Catastrófico",""))))) -> Catastrófico | Y26: =+IFERROR(VLOOKUP(X26,Fórmula!$H$1:$I$6,2,FALSE),"") -> 1 | Z26: =+IFERROR(VLOOKUP(V26&X26,Fórmula!$C$2:$D$26,2,FALSE),"") -> Extremo | AA26: =IF(Z26="Bajo",25%,IF(Z26="Moderado",50%,IF(Z26="Alto",75%,IF(Z26="Extremo",100%,"")))) -> 1 | AB26: Justificar la selección de: - Periodicidad - Nivel de ocurrencia - Área de afectación (nivel) | AC26: El Jefe de la Oficina de Control Disciplinario Interno, y su profesional de apoyo, informan si por parte de algún investigado se ha realizado alguna solicitud para que se tome una decisión dentro de un proceso disciplinario distinto al cumplimiento del deber funcional. | AD26: Trimestralmente el Jefe de la Oficina de Control Disciplinario Interno y su profesional de apoyo elaboran un informe donde se evidencia si se ha presentado en alguno de los procesos algún ofrecimiento para la expedición de decisiones contrarias a derecho. | AE26: Detectivo | AF26: =IF(AE26="Preventivo",25%,IF(AE26="Detectivo",15%,IF(AE26="Correctivo",10%,""))) -> 0.15 | AG26: Manual | AH26: =IF(AG26="Manual",15%,IF(AG26="Automático",25%,"")) -> 0.15 | AI26: =+AH26+AF26 -> 0.3 | AJ26: Confiable | AK26: SI | AL26: Si se identifica que existió un ofrecimiento contrario a derecho por parte del investigado, se compulsarán copias ante la autoridad penal y disciplinariamente de oficio se iniciará la correspondiente investigación. | AM26: Sin documentar | AO26: Continua | AP26: Trimestral | AQ26: Informe | AR26: Asignado | AS26: Jefe de Control Disciplinario Interno | AT26: Adecuado | AU26: =+AI26*AA26 -> 0.3 | AV26: =+AA26-AU26 -> 0.7 | AW26: =+IF(C26="Corrupción","Alto",IF(AV26<=25%,"Bajo",IF(AV26<=50%,"Moderado",IF(AV26<=75%,"Alto",IF(AV26>75%,"Extremo",""))))) -> Alto | AX26: Mitigar | AY26: 1 | AZ26: Presentar informe de actualización de los procesos disciplinarios en el Sistema de Información Distrital SID 3, de carácter anual, presentado ante la Oficina de Asuntos Disciplinarios de la Secretaría Jurídica Distrital. | BA26: =+AS26 -> Jefe de Control Disciplinario Interno | BB26: 44743 | BC26: 44926 | BD26: =+AQ26 -> Informe | BE26: 44620 | BG26: 44681 | BJ26: 44742 | BM26: 44804 | BP26: 44865 | BS26: 44926

Sheet Hoja1
